 Dungeon Crawl Stone Soup version 0.21-a0-104-g7b58145 (webtiles) character file.

20729272 Yermak the Imperceptible (level 27, 232/232 HPs)
             Began as a Halfling Chaos Knight on July 5, 2017.
             Escaped with the Orb
             ... and 15 runes on July 7, 2017!
             The game lasted 09:55:58 (73572 turns).

Yermak the Imperceptible (Halfling Chaos Knight)   Turns: 73572, Time: 09:56:00

Health: 232/232    AC: 46    Str: 28    XL:     27
Magic:  47/47      EV: 35    Int: 15    God:    Xom [....*.]
Gold:   3204       SH: 26    Dex: 23    Spells: 9/47 levels left

rFire    + . .     SeeInvis +   a - +8 eudemon blade (holy)
rCold    + . .     Gourm    .   K - +2 shield of Resistance {rF+ rC+ MR+}
rNeg     + + .     Faith    .   j - +10 pearl dragon scales
rPois    +         Spirit   .   n - +1 hat "Vuas" {god gift, rCorr MP+9 Slay+2}
rElec    .         Reflect  .   h - +2 cloak {MR+}
rCorr    +         Harm     .   u - +2 pair of gloves
MR       ++++.     Clarity  +   J - +2 pair of boots
Stlth    ++++......             r - amulet of Walliw {+Inv Regen+ Int+2 Dex-2 SInv}
HPRegen  0.88/turn              t - ring "Fitioc" {+Inv rN+ Str+3 Dex+4, =R}
MPRegen  0.30/turn              e - ring of the Octopus King {AC+1 EV+1 Str+1 Int+1 Dex+1 Stlth+}

@: very slightly contaminated, deflect missiles
A: antennae 1, claws 1, hooves 1, large bone plates 1, thin skeletal structure
1, blink, clarity, clever 1, deterioration 1, mutation resistance 2, poison
resistance, robust 1, screaming 1, shaggy fur 1, strong 1, wild magic 2
0: Orb of Zot
}: 15/15 runes: decaying, slimy, silver, golden, iron, obsidian, icy, bone,
abyssal, demonic, glowing, magical, fiery, dark, gossamer
a: Blink, Renounce Religion, Evoke Invisibility


You escaped.
You worshipped Xom.
You were a beloved toy of Xom.
You were not hungry.

You visited 17 branches of the dungeon, and saw 88 of its levels.
You visited Pandemonium 5 times, and saw 41 of its levels.
You visited the Abyss 1 time.
You visited 1 ziggurat, and saw 12 of its levels.
You also visited: Sewer, Bailey, Ice Cave and Volcano.

You collected 8416 gold pieces.
You spent 5212 gold pieces at shops.

Inventory:

Hand Weapons
 a - a +8 eudemon blade of holy wrath (weapon)
 b - the +9 dagger of Twilight {speed, Str+5 Dex+4 Stlth+}
   (You bought it in a shop on level 2 of the Elven Halls)

   Attacks with this weapon are significantly faster.
   It affects your strength (+5).
   It affects your dexterity (+4).
   It makes you more stealthy.
 z - a +9 demon blade of electrocution
Missiles
 Z - 2 throwing nets (quivered)
Armour
 h - a +2 cloak of magic resistance (worn)
 j - +10 pearl dragon scales (worn)
 n - the +1 hat "Vuas" (worn) {god gift, rCorr MP+9 Slay+2}
   (Xom gifted it to you on level 2 of the Orcish Mines)

   It affects your accuracy and damage with ranged weapons and melee attacks
   (+2).
   It affects your magic capacity (+9).
   It protects you from acid and corrosion.
 u - a +2 pair of gloves (worn)
 J - a +2 pair of boots (worn)
 K - the +2 shield of Resistance (worn) {rF+ rC+ MR+}
   (You found it on level 3 of the Tomb of the Ancients)

   It protects you from fire.
   It protects you from cold.
   It affects your resistance to hostile enchantments.
Jewellery
 c - the ring of Firuxayrr {rPois rC+ Str+2}
   (You found it in Pandemonium)

   [ring of protection from cold]

   It affects your strength (+2).
   It protects you from cold.
   It protects you from poison.
 e - a ring of the Octopus King (right hand) {AC+1 EV+1 Str+1 Int+1 Dex+1 Stlth+}
   (You found it on level 7 of Tartarus)

   [ring of stealth]

   It affects your AC (+1).
   It affects your evasion (+1).
   It affects your strength (+1).
   It affects your intelligence (+1).
   It affects your dexterity (+1).
   It makes you more stealthy.
 f - the ring "Viubeadam" {rElec rPois rF++ Dex-5}
   (You bought it in a shop on level 2 of the Orcish Mines)

   [ring of poison resistance]

   It affects your dexterity (-5).
   It greatly protects you from fire.
   It insulates you from electricity.
   It protects you from poison.
 m - the amulet "Zushrulu" {god gift, RegenMP SInv}
   (Xom gifted it to you on level 3 of the Dungeon)

   [amulet of magic regeneration]

   It increases your magic regeneration.
   It lets you see invisible.
 r - the amulet of Walliw (around neck) {+Inv Regen+ Int+2 Dex-2 SInv}
   (You found it on level 8 of a ziggurat)

   [amulet of regeneration]

   It affects your intelligence (+2).
   It affects your dexterity (-2).
   It lets you see invisible.
   It lets you turn invisible.
   It increases your rate of regeneration.
 t - the ring "Fitioc" (left hand) {+Inv rN+ Str+3 Dex+4, =R}
   (You found it on level 3 of the Crypt)

   [ring of positive energy]

   It affects your strength (+3).
   It affects your dexterity (+4).
   It protects you from negative energy.
   It lets you turn invisible.
Wands
 A - a wand of acid (4/15)
 B - a wand of digging (8/24)
 D - a wand of digging (4/24)
 I - a wand of iceblast (5/15)
 L - a wand of lightning (9/15)
 O - a wand of clouds (4/9)
Scrolls
 l - 3 scrolls of holy word
 o - 5 scrolls of fog
 s - 13 scrolls of recharging
 x - 2 scrolls of silence
 F - 4 scrolls of summoning
 H - a scroll of enchant armour
 M - a scroll of magic mapping
 N - 35 scrolls of remove curse
 R - 21 scrolls of identify
 T - 11 scrolls of teleportation
Potions
 g - 5 potions of magic
 i - 4 potions of haste
 k - 3 potions of might
 p - 3 potions of agility
 q - 6 potions of brilliance
 v - 5 potions of cancellation
 w - 5 potions of invisibility
 y - 2 potions of resistance
 C - 3 potions of heal wounds
 Q - 11 potions of curing
 S - 17 potions of mutation {!q}
Miscellaneous
 G - a figurine of a ziggurat
 P - the horn of Geryon
 U - 5 boxes of beasts
 V - 7 phantom mirrors
 W - 8 sacks of spiders
 X - a phial of floods
 Y - a lamp of fire
Comestibles
 E - 20 bread rations


   Skills:
 - Level 23.2 Fighting
 - Level 16.0 Long Blades
 - Level 23.8 Armour
 - Level 23.5 Dodging
 + Level 26.8 Stealth
 - Level 24.3 Shields
 - Level 10.5 Spellcasting
 - Level 16.4 Charms
 - Level 8.7 Summonings
 - Level 13.2 Necromancy
 - Level 14.5 Translocations
 - Level 6.0 Transmutations
 - Level 14.0 Air Magic
 - Level 12.6 Earth Magic
 - Level 23.1 Evocations


You had 9 spell levels left.
You knew the following spells:

 Your Spells              Type           Power        Failure   Level  Hunger
a - Lesser Beckoning      Tloc           ######....   1%          3    None
c - Passwall              Tmut/Erth      ######....   2%          2    None
d - Blink                 Tloc           N/A          1%          2    None
f - Deflect Missiles      Chrm/Air       ######....   11%         6    ######.
g - Passage of Golubria   Tloc           N/A          2%          4    ###....
o - Apportation           Tloc           ######       1%          1    None
y - Song of Slaying       Chrm           #######.     1%          2    None
B - Summon Butterflies    Summ           ######..     2%          1    None
E - Animate Dead          Necr           N/A          3%          4    ###....
L - Summon Lightning Spi  Summ/Air       ######..     4%          4    ###....
R - Regeneration          Chrm/Necr      ######....   1%          3    None
U - Control Undead        Necr           ######....   3%          4    ###....
Z - Sublimation of Blood  Necr           ######....   1%          2    None


Dungeon Overview and Level Annotations

Branches:
Dungeon (15/15)            Temple (0/1) D:4            Lair (6/6) D:11
  Swamp (4/4) Lair:3       Spider (4/4) Lair:2        Slime (5/5) Lair:6
    Orc (2/2) D:11            Elf (3/3) Orc:2        Vaults (5/5) D:14
  Crypt (3/3) Vaults:2       Tomb (3/3) Crypt:3      Depths (5/5) D:15
   Hell (1/1)                 Dis (7/7) Hell            Geh (7/7)
    Coc (7/7) Hell            Tar (7/7) Hell            Zot (5/5) Depths:5

Altars:
Ashenzari
Cheibriados
Dithmenos
Elyvilon
Fedhas
Gozag
Hepliaklqana
Kikubaaqudgha
Qazlal
Vehumet
Wu Jian
Xom
Yredelemnul
Beogh
Jiyva
Lugonu

Shops:
D:8 *   Orc:1 :   Orc:2 ==(:   Elf:2 *   Vaults:3 (   Vaults:4 %   Depths:1 [!

Portals:
Hell: Depths:1 Depths:2 Depths:3 Depths:4 Depths:5
Abyss: Depths:2 Depths:4 Depths:5
Pandemonium: Depths:3 Depths:4

Annotations:
D:10 ozo
Lair:5 ice man
Swamp:4 earth man
Slime:5 +2 sda
Vaults:1 elm
Depths:2 +1 fda, am qb
Depths:4 rC+ sh
Geh:7 Asmodeus
Coc:7 Antaeus


Innate Abilities, Weirdness & Mutations

You are small and have problems with some larger weapons.
You are somewhat resistant to both further mutation and mutation removal.
You have a pair of small antennae on your head.
You have sharp fingernails.
You have large cloven feet.
You are partially covered in large bone plates. (SH +4)
You have a somewhat thin skeletal structure. (Dex +2, Stealth)
You can translocate small distances at will.
You possess an exceptional clarity of mind.
Your mind is acute. (Int +2)
Your body sometimes deteriorates upon taking damage.
Your system is resistant to poisons. (rPois)
You are robust. (+10% HP)
You occasionally shout uncontrollably at your foes.
You are covered in fur. (AC +1)
Your muscles are strong. (Str +2)
Your spells are harder to cast, but more powerful.


Message History

(N) Spider Nest (M) Slime Pits (O) Orcish Mines (E) Elven Halls (V) Vaults (C) Crypt (W) Tomb (U) Depths (H) Hell (I) Dis (G) Gehenna (X) Cocytus (Y) Tartarus (Z) Zot
Where to? (Enter - D:1 @ (x,y), ? - help)
What level of the Dungeon? (default 1, ? - help)
You see here a dagger.
There is a stone staircase leading up here.
You climb upwards.
There is a stone staircase leading down here.
There is a stone staircase leading up here.
You climb upwards.
There is a stone staircase leading down here. "Try this."
Nothing appears to happen.
You shout at the rat!
A rat comes into view.
You are now a beloved toy of Xom.
There is a staircase leading out of the dungeon here.
You have escaped!

.#..)......)..##.##...#####
###........##.##.#........##
.....##..#...........####..#
####.....####.###...## ##.#
#.##.#####.###...# #.######
#................## ##.......
#.#.######..≈≈≈§§§####..≈≈≈≈..
####.#.# #§≈r≈≈≈§§.....≈≈≈≈≈≈.
.....#.## #.§§@>§≈......≈≈≈≈≈≈.
#####...# #§≈§≈≈≈≈......≈≈≈≈≈≈.
#...# #..≈≈≈§....#...≈≈≈≈..
#...######.......#.##...g....
#..................#######..#
#####...#####...#....###.....#..#
.....................###.....#..g
.............................##.#
..............###.######.....##.#


You could see a rat.

Vanquished Creatures
  the Royal Jelly (Slime:5)
  Gloorx Vloq (Pan)
  Ereshkigal (Tar:7)
  the Serpent of Hell (Dis:7)
  Lom Lobon (Pan)
  Mnoleg (Pan)
  Dispater (Dis:7)
  A seraph (Pan)
  Mara (Spider:3)
  4 orbs of fire
  11 ancient liches
  Mennas (Pan)
  8 pandemonium lords
  Sojobo (Depths:3)
  24 greater mummies
  8 shard shrikes
  Saint Roka (Crypt:3)
  Frederick (Crypt:3)
  Geryon (Hell)
  4 caustic shrikes
  2 Killer Klowns (Zot:5)
  A curse toe (Zot:3)
  5 golden dragons
  Arachne (Spider:2)
  5 bone dragons
  23 Tzitzimimeh
  4 iron giants
  17 Brimstone Fiends
  7 doom hounds
  16 tentacled monstrosities
  2 electric golems (Zot:5)
  10 Ice Fiends
  2 hellephants (Zig:11)
  20 Orb Guardians
  20 acid blobs
  9 titans
  11 Hell Sentinels
  11 liches
  7 quicksilver dragons
  2 deep elf master archers
  2 deep elf blademasters
  5 sphinxes
  22 Executioners
  2 tentacled starspawn
  An eldritch tentacle (Tar:3)
  Murray (Hell)
  2 death cobs
  10 storm dragons
  2 thorn hunters
  Kirke (Lair:5)
  14 ancient champions
  7 tengu reavers
  4 draconian monks
  8 azure jellies
  5 revenants
  18 daevas (Pan)
  16 shadow dragons
  12 fire giants
  5 emperor scorpions
  13 deep elf sorcerers
  3 draconian knights
  3 iron dragons
  2 orc warlords
  A caustic shrike zombie (Zig:6)
  2 draconian scorchers
  9 frost giants
  18 vault wardens
  6 ghost moths
  6 deep elf elementalists
  10 warmongers
  A juggernaut zombie (Depths:2)
  29 balrugs
  7 curse skulls
  2 draconian stormcallers
  3 draconian shifters
  30 angels (Pan)
  29 cacodemons
  6 draconian annihilators
  54 reapers
  2 spriggan defenders (Depths:4)
  3 elemental wellsprings (Coc:7)
  11 ironheart preservers
  4 ghouls
  8 war gargoyles
  17 entropy weavers
  11 very ugly things
  13 blood saints
  11 ophanim (Pan)
  10 deep elf demonologists
  6 bennus (Tomb:3)
  13 vampire knights
  The ghost of grindst0ne the Gelid, a journeyman DrIE of Vehumet (Volcano)
  19 stone giants
  6 lorocyprocas
  17 deep elf annihilators
  9 corrupters (Pan)
  3 green draconians
  2 black draconians
  13 black suns
  Azrael (D:15)
  27 apis (Pan)
  The ghost of grindst0ne the Nimble, a journeyman OgHu of Okawaru (Volcano)
  2 white draconians (Zot:3)
  2 yellow draconians (Zot:3)
  3 purple draconians
  5 red draconians
  6 deep elf death magi
  24 green deaths (Pan)
  7 spark wasps
  30 blizzard demons
  14 eidola
  3 quicksilver dragon zombies
  4 merfolk javelineers
  24 mummy priests
  14 ettins
  3 death oozes
  13 jiangshi
  6 fire dragons
  14 great orbs of eyes
  28 yaktaur captains
  3 merfolk impalers
  Josephine (D:15)
  32 vault guards
  A caustic shrike simulacrum (Depths:2)
  4 quicksilver dragon skeletons
  2 juggernaut simulacra (Pan)
  6 rakshasas
  25 hydras
  17 ice dragons
  9 deep elf high priests
  12 centaur warriors
  11 monstrous demonspawn
  10 hell beasts (Pan)
  6 spriggan air magi
  2 catoblepae
  An anaconda (shapeshifter) (Elf:2)
  3 merfolk aquamancers (Zig:12)
  2 alligator snapping turtles
  50 two-headed ogres
  A satyr (shapeshifter) (Vaults:5)
  2 satyrs (Zig:9)
  37 dancing weapons
  3 death knights
  17 ogre magi
  3 alligators
  6 death yaks
  An alligator (shapeshifter) (Vaults:5)
  Urug (D:15)
  7 vampire magi
  4 tengu warriors
  4 deep troll earth magi
  8 hell hogs
  19 death scarabs
  2 orc high priests (Orc:2)
  24 hell knights
  A holy swine (Pan)
  6 titan zombies
  4 storm dragon zombies
  17 deep elf knights
  7 thrashing horrors (Abyss:3)
  24 soul eaters
  3 spriggan berserkers (Depths:5)
  46 sun demons
  A fire crab (Lair:5)
  4 titan skeletons
  144 slime creatures
  A wretched star (Zig:7)
  A fire crab (shapeshifter) (Vaults:1)
  24 large abominations
  3 storm dragon skeletons
  2 spark wasp zombies
  2 death drakes (shapeshifter)
  2 ghost moth zombies
  23 sixfirhies
  19 shadow wraiths
  2 unseen horrors
  3 golden dragon zombies
  A spriggan druid (Swamp:3)
  8 deep trolls
  3 sea snakes
  A spatial maelstrom (Abyss:3)
  17 cherubim (Pan)
  5 anaconda zombies
  78 skeletal warriors
  8 gelid demonspawn
  14 flayed ghosts
  10 glowing orange brains
  A golden dragon skeleton (Crypt:3)
  8 torturous demonspawn (Pan)
  A death drake (Tar:4)
  7 swamp dragons (Swamp:4)
  3 anaconda skeletons
  16 ironbrand convokers
  20 necromancers
  15 shadow demons
  2 shambling mangroves
  A shadow dragon zombie (Geh:7)
  18 phantasmal warriors
  18 orc knights
  3 lindwurms
  11 infernal demonspawn (Pan)
  19 orb spiders
  17 deep elf archers
  Pikel (D:4)
  2 wolf spider zombies
  6 iron dragon zombies
  59 deep elf magi
  19 harpies
  9 wizards
  An orb spider (shapeshifter) (Vaults:4)
  2 mana vipers (shapeshifter) (Depths:2)
  5 cyclopes
  6 fire giant zombies
  A faun (shapeshifter) (Depths:4)
  5 fauns
  35 ugly things
  2 shining eyes (Slime:5)
  5 shadow dragon skeletons
  37 wolf spiders
  4 frost giant zombies
  5 orc sorcerers
  3 stone giant zombies
  8 oklob plants
  A shining eye (shapeshifter) (Depths:2)
  3 iron dragon skeletons
  4 manticores
  5 fire giant skeletons
  12 moths of wrath
  A cyclops (shapeshifter) (Crypt:1)
  A manticore (shapeshifter) (Vaults:1)
  24 rust devils
  2 centaur zombies
  21 vault sentinels
  2 stone giant skeletons
  3 merfolk sirens
  3 frost giant skeletons
  4 elephants (Lair:6)
  2 apocalypse crabs
  An eye of devastation (Pan)
  2 water nymphs (Zig:12)
  An ice statue (IceCv)
  8 black mambas
  A shock serpent zombie (Tar:6)
  51 smoke demons
  6 dire elephant zombies
  An eye of devastation (shapeshifter) (Depths:1)
  A human skeleton (Vaults:5)
  4 dire elephant skeletons
  25 orange demons
  13 molten gargoyles (Geh:7)
  22 spiny frogs
  A catoblepas zombie (Geh:7)
  2 shock serpent skeletons
  2 spriggan zombies (Hell)
  A spriggan skeleton (Depths:2)
  3 torpor snails
  8 komodo dragons
  A yaktaur (shapeshifter) (Zig:3)
  30 freezing wraiths
  18 rime drakes
  6 efreet
  22 hellions
  62 yaktaurs
  A spark wasp simulacrum (Depths:2)
  A catoblepas skeleton (Crypt:2)
  26 demonic crawlers
  31 hellwings
  A green draconian skeleton (Tar:3)
  A golden dragon simulacrum (Hell)
  8 hydra zombies
  29 red devils
  2 ancient zymes
  33 tormentors
  2 silent spectres
  40 guardian mummies
  10 trolls
  23 merfolk
  7 tengu conjurers
  8 polar bears
  47 jumping spiders
  10 tyrant leeches
  10 wind drakes (Pan)
  3 harpy zombies
  31 ice devils
  3 meliai (Spider:3)
  A queen bee (Spider:3)
  A harpy skeleton (Pan)
  35 hornets
  3 alligator zombies
  6 hydra skeletons
  9 bog bodies
  A raiju (Zig:7)
  5 snapping turtles
  7 dream sheep
  An ice dragon zombie (Hell)
  A stone giant simulacrum (Crypt:1)
  A hippogriff (shapeshifter) (Depths:1)
  22 blink frogs
  A frost giant simulacrum (Crypt:1)
  7 hippogriffs
  6 ettin zombies
  A minotaur skeleton (Crypt:1)
  9 fire dragon zombies
  A black mamba zombie (Dis:7)
  2 alligator skeletons
  5 air elementals
  A satyr skeleton (Crypt:2)
  8 ettin skeletons
  3 ice dragon skeletons
  77 redbacks
  31 tarantellas
  4 wyverns
  47 flying skulls
  17 ynoxinuls
  A spriggan (shapeshifter) (Depths:2)
  3 fire dragon skeletons
  16 shadows
  18 spriggans
  21 ushabtiu
  27 yaks
  19 water elementals
  29 wraiths
  A dire elephant simulacrum (Hell)
  Eustachio (D:3)
  A yak (shapeshifter) (Zig:8)
  A vampire (Swamp:2)
  13 fire elementals
  12 golden eyes
  4 basilisks
  5 fire bats (Volcano)
  2 basilisks (shapeshifter)
  An orc simulacrum (Vaults:1)
  19 chaos spawn
  9 steam dragons (Lair:3)
  13 vampire mosquitoes
  5 hungry ghosts
  9 neqoxecs
  A steam dragon (shapeshifter) (Vaults:1)
  2 death yak simulacra (IceCv)
  A spatial vortex (Abyss:3)
  A naga (shapeshifter) (Depths:2)
  A tengu zombie (Hell)
  A glowing shapeshifter zombie (Crypt:1)
  5 acid dragons
  A swamp worm (shapeshifter) (Swamp:4)
  11 water moccasins
  18 swamp worms
  14 wargs
  A soldier ant (shapeshifter) (Depths:1)
  3 hydra simulacra
  35 hell hounds
  14 porcupines
  A floating eye (Pan)
  4 spiny frog skeletons
  4 spiny frog zombies
  61 orc warriors
  10 swamp drakes
  A black bear (shapeshifter) (Depths:2)
  2 phantoms
  2 sky beasts
  5 black bears
  12 ice beasts
  A swamp dragon zombie (Dis:1)
  16 necrophages
  An ice beast (shapeshifter) (Depths:1)
  3 manticore zombies
  29 ogres
  36 wolves
  9 boggarts
  A wolf (shapeshifter) (Vaults:2)
  11 eyes of draining
  2 manticore skeletons
  2 small abominations
  4 snapping turtle zombies
  28 centaurs
  2 snapping turtle skeletons
  An elephant skeleton (Crypt:2)
  15 crocodiles
  A swamp dragon skeleton (Tar:3)
  A rime drake zombie (Crypt:2)
  5 big kobolds
  18 bullfrogs
  A wyvern zombie (D:13)
  9 earth elementals
  4 wyvern skeletons (Crypt:3)
  5 scorpions
  A water moccasin skeleton (Crypt:1)
  A queen bee zombie (Crypt:2)
  A snapping turtle simulacrum (Crypt:1)
  An elephant simulacrum (IceCv)
  A shapeshifter zombie (Crypt:2)
  15 killer bees
  A swamp dragon simulacrum (IceCv)
  A raiju zombie (Crypt:2)
  53 wights
  3 howler monkeys
  4 lava snakes (Volcano)
  4 electric eels
  10 crimson imps
  3 bullfrog zombies
  A draconian simulacrum (IceCv)
  3 jellies
  A bullfrog skeleton (D:12)
  8 centaur skeletons
  11 orc priests
  Ijyb (D:4)
  5 hounds
  A jelly (shapeshifter) (Elf:2)
  13 iron imps
  4 iguanas
  Natasha (D:2)
  15 orc wizards
  5 troll simulacra (IceCv)
  4 worker ants
  A lightning spire (Zig:9)
  2 spriggan simulacra (IceCv)
  A killer bee zombie (D:10)
  5 centaur simulacra (IceCv)
  A demigod zombie (Crypt:2)
  2 naga skeletons
  A hound zombie (D:10)
  35 mummies
  8 adders
  2 river rats
  A howler monkey skeleton (D:10)
  A naga simulacrum (IceCv)
  6 ogre simulacra (IceCv)
  10 shadow imps
  22 white imps
  An ooze (D:2)
  An adder zombie (D:9)
  2 worms
  2 dart slugs
  2 leopard geckos
  106 orcs
  9 giant cockroaches
  5 hobgoblins
  10 jackals
  3 quokkas
  A ball python zombie (Crypt:1)
  6 bats
  A dart slug zombie (Crypt:1)
  6 frilled lizards
  9 goblins
  A jackal skeleton (D:6)
  34 kobolds
  An orc zombie (Geh:3)
  A quokka skeleton (D:5)
  A quokka zombie (D:10)
  8 rats
  3 crawling corpses (Elf:3)
  2 fungi
  4 plants
  3 starspawn tentacles (Zig:7)
  2 withered plants (Crypt:3)
4384 creatures vanquished.

Vanquished Creatures (collateral kills)
  3 ancient liches
  3 greater mummies
  3 shard shrikes (Coc:7)
  A Killer Klown (Zot:5)
  Nikola (Vaults:1)
  A pearl dragon (Pan)
  A bone dragon (Tar:3)
  A Tzitzimitl (Pan)
  A doom hound (Tar:7)
  7 Ice Fiends
  An electric golem (Zot:5)
  A tentacled monstrosity (Pan)
  6 Orb Guardians (Zot:5)
  A lich (Tomb:1)
  2 acid blobs (Slime:5)
  4 sphinxes (Tomb:1)
  An ancient champion (Dis:7)
  A thorn hunter (Swamp:1)
  2 storm dragons (Zot:5)
  2 azure jellies (Slime:5)
  A vault warden (Vaults:1)
  A fire giant (Vaults:4)
  An iron dragon (Dis:7)
  A balrug (Pan)
  5 cacodemons (Pan)
  An angel (Pan)
  3 elemental wellsprings (Coc:7)
  2 draconian annihilators
  A stone giant (Depths:2)
  2 ironheart preservers
  A war gargoyle (Dis:7)
  3 reapers
  An entropy weaver (D:15)
  A corrupter (Pan)
  7 mummy priests
  A death ooze (Slime:5)
  2 blizzard demons (Coc:7)
  A great orb of eyes (Depths:2)
  An ice dragon (Coc:7)
  A hydra (Lair:3)
  A spriggan air mage (Pan)
  3 dancing weapons
  A vampire mage (Tar:1)
  3 hell hogs
  4 death scarabs
  A titan zombie (Dis:7)
  A sun demon (Pan)
  A hell knight (Geh:3)
  5 skeletal warriors
  A storm dragon zombie (Crypt:3)
  2 sixfirhies (Pan)
  2 wizards
  An anaconda zombie (Crypt:3)
  A shadow wraith (Tar:7)
  A swamp dragon (Swamp:4)
  An infernal demonspawn (Pan)
  2 shadow demons
  A death drake (Tar:3)
  A ghost moth zombie (Tar:4)
  A shadow dragon zombie (Crypt:3)
  A tengu zombie (Hell)
  2 ironbrand convokers
  2 necromancers (Hell)
  2 orc knights
  A wolf spider (Spider:4)
  2 frost giant zombies
  An orc sorcerer (Volcano)
  A deep elf mage (Elf:1)
  A stone giant zombie (Coc:7)
  2 ugly things (Volcano)
  2 shining eyes (Pan)
  3 molten gargoyles
  4 smoke demons
  3 orange demons (Pan)
  A yaktaur zombie (Hell)
  A tormentor (Coc:2)
  A freezing wraith (Coc:7)
  A tengu conjurer (D:14)
  3 ice devils (Coc:7)
  4 red devils
  2 hellwings (Pan)
  A guardian mummy (Tomb:3)
  3 hydra zombies
  4 wind drakes (Pan)
  A polar bear (Lair:6)
  An ice dragon zombie (Coc:1)
  4 slime creatures
  A hippogriff (Lair:6)
  2 large abominations (Pan)
  A frost giant simulacrum (Hell)
  An ettin zombie (Crypt:3)
  2 dream sheep (Lair:5)
  A fire dragon skeleton (Geh:2)
  5 flying skulls
  A shadow (Tar:1)
  2 spriggans (Lair:6)
  2 water elementals
  6 ushabtiu
  4 wraiths
  5 yaks (D:9)
  4 fire elementals
  9 neqoxecs (Pan)
  5 hell hounds
  A spiny frog zombie (Coc:7)
  5 orc warriors
  A black bear (Lair:6)
  A necrophage (Geh:2)
  An eye of draining (Pan)
  4 wolves
  A bullfrog (D:15)
  A spiny frog simulacrum (Coc:7)
  9 wights
  2 crimson imps
  2 orc wizards
  An iron imp (Dis:7)
  10 mummies
  A gnoll (D:2)
  A dart slug (D:3)
  7 orcs
  A bat (D:3)
  An orc skeleton (Geh:7)
  2 blocks of ice (Pan)
271 creatures vanquished.

Vanquished Creatures (others)
  A lich (Pan)
  7 eldritch tentacles
  A sphinx (D:13)
  A draconian monk (Zot:5)
  A cacodemon (Dis:7)
  A draconian stormcaller (Zot:3)
  A blood saint (Pan)
  A vampire knight (Depths:4)
  A white draconian (Zot:3)
  A red draconian (Zot:3)
  3 blizzard demons (Pan)
  A green death (Pan)
  A rakshasa (Depths:2)
  A monstrous demonspawn (Pan)
  A vault guard (Vaults:3)
  11 dancing weapons
  2 hell hogs
  5 death scarabs (Tomb:2)
  A vampire mage (Depths:2)
  A spriggan berserker (Depths:5)
  5 deep elf knights
  3 hell knights (Geh:3)
  An unseen horror (D:12)
  2 ironbrand convokers
  An orc knight (Orc:2)
  A harpy (Zig:12)
  4 necromancers
  A moth of wrath (Zot:5)
  An orange demon (Pan)
  A freezing wraith (Vaults:1)
  2 hellwings (Pan)
  A yaktaur (Vaults:4)
  A troll (D:11)
  A wind drake (Pan)
  2 jumping spiders
  A hippogriff (Lair:3)
  2 blink frogs
  5 slime creatures
  A flying skull (Tar:5)
  A wraith (Geh:7)
  2 redbacks (Spider:1)
  A yak (D:10)
  3 humans (Lair:5)
  An ushabti (Tomb:3)
  A golden eye (Slime:2)
  3 chaos spawn (Pan)
  A neqoxec (Pan)
  A large abomination (Pan)
  An acid dragon (Lair:3)
  A hell hound (Depths:1)
  An orc warrior (Orc:2)
  A boggart (Lair:6)
  An ogre (Vaults:1)
  A crocodile (Lair:6)
  A wight (Geh:3)
  A crimson imp (Geh:2)
  A quasit (D:8)
  An iron imp (Dis:7)
  An orc priest (D:14)
  An iguana (D:4)
  A mummy (Tomb:2)
  An adder (D:8)
  17 ball lightnings (Pan)
  A leopard gecko (D:4)
  4 orcs
  A giant cockroach (D:4)
  A kobold (D:13)
  5 briar patches (Swamp:1)
  A bush (Lair:4)
  27 fungi
  57 plants
  9 starspawn tentacles
230 creatures vanquished.

Grand Total: 4885 creatures vanquished

Notes
Turn   | Place    | Note
-------+----------+-------------------------------------------
     0 | D:1      | Yermak the Halfling Chaos Knight began the quest for the Orb.
     0 | D:1      | Reached XP level 1. HP: 15/15 MP: 1/1
   137 | D:1      | Reached XP level 2. HP: 14/20 MP: 2/2
   142 | D:1      | Reached skill level 3 in Fighting
   159 | D:1      | XOM: divination: detect items
   327 | D:2      | XOM: butterfly on damage
   341 | D:2      | XOM: silly message
   396 | D:2      | Reached XP level 3. HP: 24/26 MP: 3/3
   450 | D:2      | Noticed Natasha
   451 | D:2      | XOM: cleaving
   461 | D:2      | Killed Natasha
   467 | D:2      | XOM: scenery: create altars
   481 | D:2      | XOM: god gift: 57 gold pieces {god gift}
   580 | D:2      | Reached XP level 4. HP: 31/31 MP: 4/4
  1223 | D:3      | Reached XP level 5. HP: 32/36 MP: 5/5
  1367 | D:3      | XOM: polymorph orc priest -> gnoll
  1421 | D:2      | XOM: mild Air miscast
  1544 | D:3      | XOM: cloud trail
  1643 | D:4      | Noticed Eustachio
  1644 | D:4      | XOM: cast spell 'Summon Butterflies'
  1653 | D:3      | XOM: summons friendly shadow imp
  1661 | D:3      | Killed Eustachio
  1661 | D:3      | Reached XP level 6. HP: 40/44 MP: 6/6
  1700 | D:4      | Noticed Ijyb
  1715 | D:4      | XOM: divination: magic mapping
  1725 | D:4      | Killed Ijyb
  1762 | D:4      | Noticed a slave
  1763 | D:4      | Noticed Pikel
  1763 | D:4      | Found a shimmering altar of Xom.
  1763 | D:4      | Noticed a slave
  1763 | D:4      | Noticed a slave
  1763 | D:4      | Noticed a slave
  1763 | D:4      | XOM: confuse monster(s)
  1768 | D:4      | Found a radiant altar of Vehumet.
  1769 | D:4      | XOM: cleaving
  1779 | D:4      | Killed Pikel
  1779 | D:4      | Reached skill level 6 in Long Blades
  1779 | D:4      | Reached XP level 7. HP: 50/51 MP: 7/7
  1779 | D:4      | Reached XP level 8. HP: 56/57 MP: 8/8
  1840 | D:4      | XOM: swap monsters
  1905 | D:4      | XOM: polymorph frilled lizard -> jackal
  1929 | D:4      | Reached skill level 6 in Fighting
  1950 | D:4      | XOM: enchant monster (good)
  1979 | D:4      | XOM: give mutations
  1979 | D:4      | Gained mutation: You have a pair of small horns on your head. [Xom's grace]
  1979 | D:4      | Gained mutation: You have a somewhat thin skeletal structure. (Dex +2, Stealth) [Xom's grace]
  1979 | D:4      | Gained mutation: You have a moderately thin skeletal structure. (Dex +4, Stealth+) [Xom's grace]
  2035 | D:4      | Found a staircase to the Ecumenical Temple.
  2084 | D:4      | Found a faded altar of an unknown god.
  2084 | D:4      | Found a hazy altar of Hepliaklqana.
  2089 | D:4      | Found a faded altar of an unknown god.
  2091 | D:4      | Found a shadowy altar of Dithmenos.
  2092 | D:4      | Found a basalt altar of Yredelemnul.
  2124 | D:5      | Entered Level 5 of the Dungeon
  2140 | D:5      | XOM: give mutations
  2140 | D:5      | Gained mutation: You are surrounded by a mild repulsion field. (EV +2) [Xom's grace]
  2140 | D:5      | Gained mutation: You are resistant to hostile enchantments. (MR+) [Xom's grace]
  2140 | D:5      | Gained mutation: Your muscles are strong. (Str +2) [Xom's grace]
  2140 | D:5      | Gained mutation: Your flesh is cold resistant. (rC+) [Xom's grace]
  2270 | D:5      | Found a stormy altar of Qazlal.
  2324 | D:5      | Found a shattered altar of Ashenzari.
  2550 | D:5      | Found an opulent altar of Gozag.
  2645 | D:6      | Found a glowing drain.
  2908 | Sewer    | Entered a sewer
  2937 | Sewer    | Noticed Purgy
  2937 | Sewer    | Noticed Purgy
  2937 | Sewer    | Purgy changed into Purgy the swamp drake
  2937 | Sewer    | XOM: polymorph Purgy -> Purgy the swamp drake
  2943 | Sewer    | Killed Purgy the swamp drake
  2943 | Sewer    | Reached skill level 1 in Shields
  3159 | D:6      | XOM: silly message
  3283 | D:7      | Found an ornate altar of the Wu Jian Council.
  3606 | D:7      | XOM: harmless Chrm miscast
  3614 | D:7      | Reached skill level 3 in Shields
  3721 | D:7      | XOM: 3-stop teleportation journey
  3740 | D:8      | Reached XP level 9. HP: 60/63 MP: 9/9
  3842 | D:8      | Got a warped ring mail
  3864 | D:8      | Identified the +2 ring mail of Rexairghuick {rCorr Int+2} (You found it on level 8 of the Dungeon)
  3925 | D:8      | Found Leeress's General Store.
  3930 | D:8      | Bought a scroll of identify for 26 gold pieces
  3930 | D:8      | Bought a scroll of fear for 45 gold pieces
  3936 | D:8      | XOM: potion effect (agility)
  4001 | D:8      | XOM: 1-stop teleportation journey
  4106 | D:8      | XOM: destruction
  4169 | D:8      | XOM: give mutations
  4169 | D:8      | Gained mutation: Your flesh is very cold resistant. (rC++) [Xom's grace]
  4169 | D:8      | Gained mutation: Your mind is acute. (Int +2) [Xom's grace]
  4365 | D:9      | Noticed a troll
  4365 | D:9      | XOM: summons friendly shadow imp
  4366 | D:9      | XOM: confusion (+ monsters)
  4380 | D:9      | XOM: summons 5 friendly demons
  4383 | D:9      | Killed a troll
  4383 | D:9      | Reached skill level 9 in Long Blades
  4518 | D:9      | XOM: 1-stop teleportation journey
  4565 | D:9      | XOM: god gift: 9 royal jellies {god gift}
  4627 | D:9      | Learned a level 3 spell: Portal Projectile
  4660 | D:9      | Reached skill level 6 in Shields
  4699 | D:9      | XOM: cast spell 'Summon Horrible Things'
  4702 | D:9      | XOM: harmless Hex miscast
  4711 | D:9      | Reached XP level 10. HP: 31/69 MP: 10/10
  4834 | D:10     | Entered Level 10 of the Dungeon
  4904 | D:10     | XOM: potion effect (agility)
  4920 | D:10     | Reached skill level 1 in Evocations
  5136 | D:10     | Reached skill level 3 in Evocations
  5210 | D:10     | XOM: divination: magic mapping
  5212 | D:10     | XOM: destruction
  5214 | D:10     | XOM: divine lightning
  5215 | D:10     | XOM: summons friendly quasit
  5414 | D:10     | Got a scorched falchion
  5415 | D:10     | Identified the +4 falchion "Qaeggum" {drain, rPois rN+++ MR- Int-5} (You found it on level 10 of the Dungeon)
  5510 | D:11     | XOM: divine lightning
  5521 | D:11     | XOM: scenery: create altars
  5643 | D:11     | Found a staircase to the Orcish Mines.
  5704 | D:11     | XOM: scenery: create altars
  5735 | D:11     | Found a staircase to the Lair.
  5736 | D:11     | Noticed a komodo dragon
  5752 | D:11     | XOM: enchant monster (good)
  5769 | D:11     | Killed a komodo dragon
  5769 | D:11     | Reached XP level 11. HP: 73/73 MP: 14/14
  5860 | D:11     | XOM: divination: magic mapping
  5872 | D:11     | XOM: noise
  6001 | D:11     | Reached skill level 6 in Evocations
  6051 | D:11     | Reached skill level 12 in Long Blades
  6126 | D:12     | XOM: harmless Fire miscast
  6139 | D:12     | XOM: noise
  6157 | D:12     | XOM: cast spell 'Shadow Creatures'
  6159 | D:12     | XOM: cast spell 'Call Canine Familiar'
  6161 | D:12     | Killed an unseen horror
  6177 | D:12     | XOM: confuse monster(s)
  6186 | D:12     | XOM: confuse monster(s)
  6236 | D:12     | HP: 2/73 [something (16)]
  6278 | D:12     | Reached skill level 3 in Armour
  6553 | D:11     | Noticed a two-headed ogre
  6559 | D:11     | Killed a two-headed ogre
  6593 | Lair:1   | Entered Level 1 of the Lair of Beasts
  6631 | Lair:1   | Noticed an oklob plant
  6638 | Lair:1   | XOM: scenery: 2 doors open, 1 doors close
  6742 | Lair:1   | Found a dark tunnel.
  6751 | Volcano  | Entered a volcano
  6765 | Volcano  | Noticed a harpy
  6765 | Volcano  | a lava snake changed into a harpy
  6777 | Volcano  | Killed a harpy
  6816 | Volcano  | Noticed grindst0ne's ghost (journeyman OgHu)
  6828 | Volcano  | Killed grindst0ne's ghost
  6828 | Volcano  | Reached XP level 12. HP: 76/81 MP: 17/17
  6901 | Volcano  | Noticed grindst0ne's ghost (journeyman DrIE)
  6919 | Volcano  | XOM: fake destruction
  6923 | Volcano  | XOM: cast spell 'Necromutation'
  6924 | Volcano  | XOM: swap monsters
  6974 | Volcano  | XOM: destruction
  6985 | Volcano  | Found a burning altar of Makhleb.
  6998 | Volcano  | Killed grindst0ne's ghost
  6998 | Volcano  | Reached skill level 6 in Armour
  7127 | Lair:1   | XOM: medium Summ miscast
  7206 | Lair:1   | XOM: god gift: blackened filigree amulet {god gift}
  7215 | Lair:1   | XOM: destruction
  7334 | Lair:1   | HP: 2/82 [acid (16)]
  7473 | Lair:2   | XOM: polymorph wolf -> water moccasin
  7693 | Lair:2   | XOM: mild Hex miscast
  7694 | Lair:2   | XOM: enchant monster (bad)
  7696 | Lair:2   | XOM: noise
  7703 | Lair:2   | Found a hole to the Spider Nest.
  7703 | Lair:2   | XOM: 1-stop teleportation journey
  7716 | Lair:2   | Noticed a seven-headed hydra
  7739 | Lair:2   | Killed a seven-headed hydra
  8326 | Lair:3   | XOM: 1-stop teleportation journey
  8330 | Lair:3   | Noticed a seven-headed hydra
  8338 | Lair:3   | XOM: polymorph wolf -> big kobold
  8346 | Lair:3   | XOM: potion effect (agility)
  8354 | Lair:3   | XOM: enchant monster (good)
  8358 | Lair:3   | Found a staircase to the Swamp.
  8362 | Lair:3   | XOM: polymorph blink frog -> rime drake
  8383 | Lair:3   | Reached XP level 13. HP: 46/90 MP: 18/18
  8399 | Lair:3   | Reached skill level 9 in Fighting
  8432 | Lair:3   | XOM: noise
  8468 | Lair:3   | XOM: harmless Tloc miscast
  8504 | Lair:3   | XOM: enchant monster (bad)
  8507 | Lair:3   | XOM: noise
  8580 | Lair:3   | XOM: summons 3 hostile demons
  8588 | Lair:3   | XOM: mild Air miscast
  8590 | Lair:2   | XOM: enchant monster (good)
  8620 | Lair:3   | XOM: silly message
  8720 | Lair:3   | XOM: cast spell 'Metabolic Englaciation'
  8790 | Lair:3   | Noticed a seven-headed hydra
  8799 | Lair:3   | XOM: summons friendly ufetubus
  8832 | Lair:3   | XOM: cast spell 'Summon Horrible Things'
  8835 | Lair:3   | Killed a seven-headed hydra
  8873 | Lair:3   | XOM: divine lightning
  8969 | Lair:3   | XOM: destruction
  8979 | Lair:3   | XOM: fog
  8989 | Lair:3   | XOM: scenery: create altars
  9010 | Lair:3   | XOM: mild Fire miscast
  9013 | Lair:3   | Got a transparent scale mail
  9028 | Lair:3   | XOM: cloud trail
  9044 | Lair:3   | Identified the cursed +0 scale mail of Polytheism {+Inv rPois Int-4 Dex+4} (You found it on level 3 of the Lair of Beasts)
  9142 | Lair:3   | Killed a seven-headed hydra
  9187 | Lair:3   | XOM: god gift: 33 gold pieces {god gift}
  9200 | Lair:3   | XOM: summons friendly shadow imp
  9205 | Lair:3   | Reached skill level 9 in Armour
  9687 | Lair:4   | XOM: harmless Ice miscast
  9708 | Lair:4   | XOM: harmless Ice miscast
  9822 | Lair:4   | XOM: polymorph yak -> harpy
  9978 | Lair:4   | XOM: severe Necr miscast
  9987 | Lair:4   | XOM: severe Chrm miscast
  9990 | Lair:4   | XOM: enchant monster (bad)
 10009 | Lair:4   | Lost mutation: Your muscles are strong. (Str +2) [mutagenic glow]
 10061 | Lair:4   | XOM: harmless Chrm miscast
 10112 | Lair:4   | XOM: confusion
 10117 | Lair:4   | XOM: give mutation
 10117 | Lair:4   | Lost mutation: You have a pair of small horns on your head. [Xom's mischief]
 10213 | Lair:4   | Reached skill level 3 in Dodging
 10337 | Lair:5   | XOM: confusion
 10345 | Lair:5   | XOM: swap monsters
 10369 | Lair:5   | Noticed a five-headed hydra
 10375 | Lair:5   | XOM: give mutations
 10375 | Lair:5   | Lost mutation: Your mind is acute. (Int +2) [Xom's mischief]
 10375 | Lair:5   | Gained mutation: Your body sometimes deteriorates upon taking damage. [Xom's mischief]
 10375 | Lair:5   | Gained mutation: Your mind is acute. (Int +2) [Xom's mischief]
 10387 | Lair:5   | Killed a five-headed hydra
 10387 | Lair:5   | Reached XP level 14. HP: 99/99 MP: 19/19
 10417 | Lair:5   | XOM: 4-stop teleportation journey
 10508 | Lair:5   | Learned a level 4 spell: Passage of Golubria
 10511 | Lair:5   | Learned a level 2 spell: Passwall
 10554 | Lair:5   | XOM: 2-stop teleportation journey
 10572 | Lair:5   | You fall through a shaft!
 10572 | Lair:6   | Entered Level 6 of the Lair of Beasts
 10586 | Lair:6   | XOM: blink monster(s)
 10589 | Lair:6   | XOM: noise
 10618 | Lair:6   | XOM: summons 2 friendly demons
 10620 | Lair:6   | XOM: divine lightning
 10637 | Lair:6   | Reached skill level 9 in Shields
 10651 | Lair:6   | XOM: summons 14 friendly demons
 10679 | Lair:6   | XOM: confusion (+ monsters)
 10692 | Lair:6   | XOM: give mutations
 10692 | Lair:6   | Gained mutation: Your mind is very acute. (Int +4) [Xom's grace]
 10692 | Lair:6   | Gained mutation: You are agile. (Dex +2) [Xom's grace]
 10692 | Lair:6   | Gained mutation: You have large cloven feet. [Xom's grace]
 10692 | Lair:6   | Gained mutation: You are robust. (+10% HP) [Xom's grace]
 10704 | Lair:6   | XOM: enchant monster (good)
 10772 | Lair:6   | XOM: cast spell 'Call Canine Familiar'
 10797 | Lair:6   | XOM: summons 4 friendly demons
 10823 | Lair:6   | XOM: fake destruction
 10824 | Lair:6   | XOM: enchant monster (good)
 10828 | Lair:6   | XOM: chaos cloud
 10855 | Lair:6   | Got a smoking plate armour
 10928 | Lair:6   | Reached skill level 1 in Stealth
 10953 | Lair:6   | Reached skill level 2 in Stealth
 10955 | Lair:6   | XOM: noise
 10980 | Lair:6   | Reached skill level 3 in Stealth
 10996 | Lair:6   | XOM: potion effect (curing)
 11009 | Lair:6   | Found a frozen archway.
 11018 | IceCv    | Entered an ice cave
 11035 | IceCv    | Reached skill level 4 in Stealth
 11078 | IceCv    | Identified the +10 plate armour of Insatiable Hunger {rElec rC++ MP+9 Str-2} (You found it on level 6 of the Lair of Beasts)
 11176 | IceCv    | XOM: divination: detect creatures
 11192 | IceCv    | XOM: potion effect (heal wounds)
 11215 | IceCv    | Reached skill level 5 in Stealth
 11262 | IceCv    | XOM: divination: magic mapping
 11436 | IceCv    | Found an ancient bone altar of Kikubaaqudgha.
 11468 | IceCv    | XOM: divination: detect items
 11475 | IceCv    | XOM: harmless Air miscast
 11620 | IceCv    | XOM: noise
 11687 | IceCv    | XOM: cast spell 'Summon Small Mammal'
 11690 | IceCv    | XOM: harmless Tloc miscast
 11700 | IceCv    | XOM: swap monsters
 11722 | IceCv    | XOM: god gift: 54 gold pieces {god gift}
 11858 | Lair:6   | XOM: 1-stop teleportation journey
 11860 | Lair:6   | XOM: enchant monster (good)
 11946 | Lair:6   | Identified the Volume of Ashen Displacement
 11951 | Lair:6   | Learned a level 2 spell: Blink
 11975 | Lair:6   | XOM: cast spell 'Shadow Creatures'
 12073 | Lair:6   | XOM: divination: detect creatures
 12081 | Lair:6   | XOM: noise
 12105 | Lair:6   | XOM: confuse monster(s)
 12113 | Lair:6   | Reached skill level 1 in Spellcasting
 12126 | Lair:6   | XOM: harmless Fire miscast
 12138 | Lair:6   | XOM: summons friendly ufetubus
 12141 | Lair:6   | XOM: divination: detect creatures
 12231 | Lair:6   | XOM: potion effect (curing)
 12250 | Lair:6   | XOM: cast spell 'Dispersal'
 12287 | Lair:6   | XOM: summons friendly quasit
 12452 | Lair:6   | XOM: divination: magic mapping
 12490 | Lair:6   | Reached XP level 15. HP: 103/116 MP: 5/20
 12499 | Lair:6   | XOM: mild Pois miscast
 12537 | Lair:6   | XOM: enchant monster (good)
 12592 | Lair:6   | XOM: enchant monster (bad)
 12593 | Lair:6   | XOM: summons 5 friendly demons
 12609 | Lair:6   | Paralysed by a hornet for 1 turns
 12767 | Lair:6   | XOM: potion effect (magic)
 12770 | Lair:6   | XOM: swap monsters
 12894 | Lair:5   | You fall through a shaft!
 12981 | Lair:5   | Reached skill level 3 in Spellcasting
 13058 | Lair:5   | Noticed Kirke
 13068 | Lair:5   | XOM: god gift: scroll of teleportation {god gift}
 13070 | Lair:5   | XOM: enchant monster (bad)
 13102 | Lair:5   | XOM: summons 2 hostile shadow creatures
 13104 | Lair:5   | XOM: potion effect (brilliance)
 13107 | Lair:5   | XOM: swap monsters
 13117 | Lair:5   | XOM: cast spell 'Death Channel'
 13119 | Lair:5   | XOM: fog
 13127 | Lair:5   | XOM: scenery: create altars
 13168 | Lair:5   | Killed Kirke
 13306 | Lair:5   | Got a jewelled ring mail
 13317 | Lair:5   | Identified the +6 ring mail of the Thoughtful People {MR+ MP+9} (You found it on level 5 of the Lair of Beasts)
 13532 | Lair:1   | XOM: confuse monster(s)
 13542 | Lair:1   | XOM: god gift: flail {god gift}
 13593 | Lair:1   | XOM: give mutations
 13593 | Lair:1   | Gained mutation: You are somewhat resistant to both further mutation and mutation removal. [Xom's grace]
 13593 | Lair:1   | Gained mutation: Your system is resistant to poisons. (rPois) [Xom's grace]
 13593 | Lair:1   | Gained mutation: You passively map a small area around you. [Xom's grace]
 13593 | Lair:1   | Gained mutation: You have a pair of small horns on your head. [Xom's grace]
 13618 | Lair:1   | XOM: confuse monster(s)
 13708 | Lair:1   | XOM: cloud trail
 13971 | Lair:1   | XOM: scenery: 1 doors open, 1 doors close
 14066 | D:13     | Found a white marble altar of Elyvilon.
 14318 | D:13     | Noticed a frost giant
 14321 | D:13     | Noticed a sphinx
 14328 | D:13     | XOM: scenery: create altars
 14331 | D:13     | XOM: divination: detect items
 14331 | D:13     | Paralysed by a sphinx for 5 turns
 14338 | D:13     | Killed a sphinx
 14338 | D:13     | XOM: destruction
 14343 | D:13     | a frost giant changed into an alligator snapping turtle
 14343 | D:13     | XOM: polymorph frost giant -> alligator snapping turtle
 14358 | D:13     | Found a snail-covered altar of Cheibriados.
 14368 | D:13     | Reached skill level 12 in Armour
 14369 | D:13     | Found an opulent altar of Gozag.
 14898 | D:14     | Found a flagged portal.
 14898 | D:14     | XOM: 5-stop teleportation journey
 14945 | Bailey   | XOM: stealth player
 14945 | Bailey   | Entered a bailey
 15043 | Bailey   | Found an iron altar of Okawaru.
 15079 | D:14     | XOM: enchant monster (good)
 15097 | D:14     | Reached skill level 12 in Shields
 15125 | D:14     | XOM: god gift: encrusted scale mail {god gift}
 15126 | D:14     | Got an encrusted scale mail {god gift}
 15149 | D:14     | XOM: harmless Erth miscast
 15153 | D:14     | Identified the +4 scale mail of the Blue Moon {god gift, SInv} (Xom gifted it to you on level 14 of the Dungeon)
 15282 | D:14     | Found a gate to the Vaults.
 15358 | D:14     | XOM: give mutation
 15358 | D:14     | Gained mutation: You can translocate small distances at will. [Xom's grace]
 15429 | D:14     | XOM: polymorph troll -> hornet
 15504 | D:15     | Entered Level 15 of the Dungeon
 15504 | D:15     | Noticed Azrael
 15539 | D:15     | Killed Azrael
 15583 | D:15     | XOM: noise
 15587 | D:15     | Noticed Sonja
 15587 | D:15     | XOM: enchant monster (good)
 15597 | D:15     | Reached XP level 16. HP: 74/125 MP: 22/22
 15606 | D:15     | Noticed Sonja
 15606 | D:15     | Sonja changed into Sonja the spiny frog
 15606 | D:15     | XOM: polymorph Sonja -> Sonja the spiny frog
 15608 | D:15     | Killed Sonja the spiny frog
 15628 | D:15     | XOM: enchant monster (bad)
 15658 | D:15     | XOM: harmless Tloc miscast
 15678 | D:15     | XOM: polymorph ettin -> entropy weaver
 15700 | D:15     | XOM: cast spell 'Summon Dragon'
 15794 | D:15     | Noticed Urug
 15819 | D:15     | Killed Urug
 15865 | D:15     | XOM: chaos upgrade
 15939 | D:15     | Noticed Josephine
 15947 | D:15     | Killed Josephine
 15947 | D:15     | Reached skill level 12 in Fighting
 15951 | D:15     | XOM: harmless Air miscast
 16030 | D:15     | XOM: chaos upgrade
 16079 | D:15     | Got a pitted dagger {pierce}
 16080 | D:15     | Identified the +6 dagger of Fragile Peace {pierce, rC- Dex+4} (You took it off a tengu conjurer on level 15 of the Dungeon)
 16123 | D:15     | Found a staircase to the Depths.
 16315 | Orc:1    | Entered Level 1 of the Orcish Mines
 16341 | Orc:1    | Found Jigryil's Book Shop.
 16351 | Orc:1    | XOM: scenery: create altars
 16362 | Orc:1    | XOM: blink monster(s)
 16432 | Orc:1    | XOM: summons 8 hostile demons
 16471 | Orc:2    | Entered Level 2 of the Orcish Mines
 16523 | Orc:1    | XOM: confusion
 16626 | Orc:1    | XOM: 2-stop teleportation journey
 17088 | Orc:2    | Found a staircase to the Elven Halls.
 17153 | Orc:2    | XOM: summons 9 friendly demons
 17207 | Orc:2    | XOM: enchant monster (good)
 17214 | Orc:2    | XOM: divine lightning
 17215 | Orc:2    | Found Jeyqyo's Jewellery Boutique.
 17218 | Orc:2    | Found Caepesit's Jewellery Shoppe.
 17289 | Orc:2    | XOM: confuse monster(s)
 17299 | Orc:2    | Found a roughly hewn altar of Beogh.
 17380 | Orc:2    | XOM: harmless Tloc miscast
 17397 | Orc:2    | Found Atsub Lulu's Weapon Shoppe.
 17397 | Orc:2    | Found Zagh's Book Boutique.
 17525 | Orc:2    | Got a dazzling scimitar {holy}
 17527 | Orc:2    | Identified the +1 scimitar of the Purse {holy, *Slow rElec rC+++ rN+} (You took it off an orc on level 2 of the Orcish Mines)
 17554 | Orc:2    | XOM: potion effect (berserk rage)
 17852 | Lair:3   | XOM: scenery: create altars
 17854 | Swamp:1  | Entered Level 1 of the Swamp
 17856 | Swamp:1  | Noticed a thorn hunter
 17864 | Swamp:1  | XOM: 5-stop teleportation journey
 17869 | Swamp:1  | XOM: fog
 18145 | Swamp:1  | XOM: summons 10 friendly demons
 18154 | Swamp:1  | Killed a thorn hunter
 18181 | Swamp:1  | XOM: polymorph swamp drake -> scorpion
 18245 | Swamp:1  | XOM: divine lightning
 18261 | Swamp:1  | XOM: scenery: create altars
 18267 | Swamp:1  | XOM: summons friendly iron imp
 18347 | Swamp:2  | XOM: cast spell 'Dispersal'
 18446 | Swamp:2  | Reached XP level 17. HP: 122/133 MP: 23/23
 18660 | Swamp:2  | XOM: 1-stop teleportation journey
 18696 | Swamp:2  | XOM: divination: detect items
 18697 | Swamp:2  | XOM: summons 11 friendly demons
 18784 | Swamp:2  | XOM: cloud trail
 18964 | Swamp:3  | XOM: cleaving
 19036 | Swamp:3  | Noticed a thorn hunter
 19043 | Swamp:3  | XOM: summons friendly quasit
 19048 | Swamp:3  | Killed a thorn hunter
 19051 | Swamp:3  | Reached skill level 3 in Earth Magic
 19408 | Swamp:3  | XOM: give mutations
 19408 | Swamp:3  | Lost mutation: You are agile. (Dex +2) [Xom's mischief]
 19408 | Swamp:3  | Lost mutation: You are robust. (+10% HP) [Xom's mischief]
 19408 | Swamp:3  | Lost mutation: Your flesh is very cold resistant. (rC++) [Xom's mischief]
 19510 | Swamp:4  | Entered Level 4 of the Swamp
 19543 | Swamp:4  | Reached skill level 6 in Earth Magic
 19563 | Swamp:4  | XOM: give mutation
 19563 | Swamp:4  | Gained mutation: Your spells are a little harder to cast, but a little more powerful. [Xom's grace]
 19724 | Swamp:4  | XOM: polymorph swamp dragon -> swamp worm
 19727 | Swamp:4  | XOM: summons 2 friendly demons
 19744 | Swamp:4  | XOM: swap monsters
 19766 | Swamp:4  | Noticed a thorn hunter
 19856 | Swamp:4  | XOM: medium Tmut miscast
 19868 | Swamp:4  | Reached skill level 9 in Earth Magic
 19948 | Swamp:4  | XOM: mild Necr miscast
 19953 | Swamp:4  | XOM: 1-stop teleportation journey
 19979 | Swamp:4  | XOM: confuse monster(s)
 19981 | Swamp:4  | XOM: summons friendly quasit
 19982 | Swamp:4  | XOM: cleaving
 20037 | Swamp:4  | XOM: enchant monster (good)
 20115 | Swamp:4  | Noticed a thorn hunter
 20125 | Swamp:4  | Killed a thorn hunter
 20144 | Swamp:4  | Got a decaying rune of Zot
 20154 | Swamp:4  | Reached skill level 12 in Earth Magic
 20168 | Swamp:4  | Got a brightly glowing chain mail
 20179 | Swamp:4  | Identified the +1 chain mail of Wonder {rC+ MR+} (You found it on level 4 of the Swamp)
 20282 | Swamp:2  | XOM is BORED!
 20296 | Swamp:2  | XOM: give mutations
 20296 | Swamp:2  | Lost mutation: You are somewhat resistant to both further mutation and mutation removal. [Xom's mischief]
 20296 | Swamp:2  | Lost mutation: Your body sometimes deteriorates upon taking damage. [Xom's mischief]
 20296 | Swamp:2  | Lost mutation: Your system is resistant to poisons. (rPois) [Xom's mischief]
 20387 | Spider:1 | Entered Level 1 of the Spider Nest
 20389 | Spider:1 | XOM: enchant monster (good)
 20545 | Spider:1 | XOM: confuse monster(s)
 20555 | Spider:1 | XOM: god gift: scroll of teleportation {god gift}
 20580 | Spider:1 | XOM: summons friendly crimson imp
 20673 | Spider:1 | XOM: divination: detect creatures
 20793 | Spider:1 | XOM: silly message
 20798 | Spider:1 | XOM: potion effect (brilliance)
 20805 | Spider:1 | XOM: blink monster(s)
 20921 | Spider:1 | XOM: medium Fire miscast
 20956 | Spider:1 | XOM: chaos cloud
 21206 | Spider:1 | XOM: mild Fire miscast
 21207 | Spider:1 | XOM: swap monsters
 21210 | Spider:1 | Reached XP level 18. HP: 120/128 MP: 24/24
 21211 | Spider:1 | XOM: polymorph redback -> dream sheep
 21214 | Spider:1 | XOM: enchant monster (bad)
 21219 | Spider:1 | XOM: give mutations
 21219 | Spider:1 | Lost mutation: You have a pair of small horns on your head. [Xom's mischief]
 21219 | Spider:1 | Lost mutation: Your spells are a little harder to cast, but a little more powerful. [Xom's mischief]
 21290 | Spider:1 | XOM: noise
 21375 | Spider:1 | XOM: confusion (+ monsters)
 21530 | Spider:2 | XOM: medium Summ miscast
 21539 | Spider:2 | XOM: blink monster(s)
 21543 | Spider:2 | XOM: summons 4 hostile shadow creatures
 21555 | Spider:1 | XOM: polymorph tarantella -> black mamba
 21606 | Spider:1 | XOM: harmless Pois miscast
 21717 | Spider:2 | XOM: swap monsters
 21851 | Spider:2 | XOM: cleaving
 21874 | Spider:2 | Noticed Arachne
 21896 | Spider:2 | Killed Arachne
 21970 | Spider:2 | XOM: confuse monster(s)
 22131 | Spider:3 | XOM: enchant monster (good)
 22293 | Spider:3 | Reached skill level 15 in Shields
 22300 | Spider:3 | Reached skill level 15 in Armour
 22326 | Spider:3 | XOM: repel stairs
 22356 | Spider:3 | XOM: scenery: create altars
 22363 | Spider:3 | XOM: fog
 22366 | Spider:3 | XOM: harmless Chrm miscast
 22501 | Spider:3 | XOM: enchant monster (good)
 22554 | Spider:3 | XOM: harmless Conj miscast
 22649 | Spider:3 | XOM: cloud trail
 22694 | Spider:4 | Entered Level 4 of the Spider Nest
 22697 | Spider:4 | XOM: cast spell 'Summon Small Mammal'
 22816 | Spider:4 | Reached skill level 6 in Dodging
 22920 | Spider:4 | Noticed Mara
 22935 | Spider:4 | XOM: divination: detect creatures
 22950 | Spider:3 | XOM: potion effect (heal wounds)
 22954 | Spider:3 | XOM: harmless Pois miscast
 23059 | Spider:4 | XOM: 1-stop teleportation journey
 23067 | Spider:4 | XOM: torment (74/130 hp)
 23252 | Spider:4 | XOM: enchant monster (bad)
 23253 | Spider:4 | XOM: enchant monster (bad)
 23328 | Spider:4 | XOM: noise
 23364 | Spider:2 | XOM: give mutations
 23364 | Spider:2 | Lost mutation: You have large cloven feet. [Xom's mischief]
 23364 | Spider:2 | Lost mutation: Your mind is very acute. (Int +4) [Xom's mischief]
 23364 | Spider:2 | Gained mutation: Your system is resistant to poisons. (rPois) [Xom's mischief]
 23364 | Spider:2 | Lost mutation: Your system is resistant to poisons. (rPois) [Xom's mischief]
 23483 | Spider:3 | Noticed Yermak's illusion
 23560 | Spider:3 | XOM: fake destruction
 23562 | Spider:3 | XOM: enchant monster (bad)
 23564 | Spider:3 | Noticed Yermak's illusion
 23569 | Spider:2 | Noticed Yermak's illusion
 23637 | Spider:3 | XOM: confusion
 23646 | Spider:3 | Identified a scroll of acquirement
 23652 | Spider:3 | XOM: scenery: create altars
 23654 | Spider:3 | XOM: confuse monster(s)
 23673 | Spider:3 | XOM: divination: magic mapping
 23689 | Spider:3 | Killed Mara
 23689 | Spider:3 | Reached XP level 19. HP: 135/135 MP: 25/25
 23723 | Spider:4 | XOM: fog
 23849 | Spider:4 | XOM: divination: detect items
 23886 | Spider:4 | XOM: summons friendly crimson imp
 23888 | Spider:4 | XOM: summons 4 friendly demons
 23890 | Spider:4 | XOM: summons friendly crimson imp
 24009 | Spider:4 | XOM: polymorph redback -> wolf spider
 24024 | Spider:4 | XOM: cast spell 'Call Canine Familiar'
 24111 | Spider:3 | XOM: enchant monster (bad)
 24116 | Spider:3 | XOM: harmless Air miscast
 24322 | Spider:4 | Reached skill level 9 in Dodging
 24332 | Spider:4 | XOM: cast spell 'Call Canine Familiar'
 24376 | Spider:4 | XOM: divination: detect items
 24403 | Spider:4 | XOM: fake destruction
 24505 | Spider:4 | XOM: cleaving
 24511 | Spider:4 | XOM: cleaving
 24518 | Spider:4 | XOM: fake destruction
 24591 | Spider:4 | Got a gossamer rune of Zot
 24659 | Spider:4 | XOM: give mutations
 24659 | Spider:4 | Gained mutation: You passively map the area around you. [Xom's grace]
 24659 | Spider:4 | Gained mutation: You have a pair of small horns on your head. [Xom's grace]
 24659 | Spider:4 | Gained mutation: You have sharp toenails. [Xom's grace]
 24895 | Vaults:1 | Entered Level 1 of the Vaults
 24943 | Vaults:1 | XOM: fake destruction
 24944 | Vaults:1 | XOM: 6-stop teleportation journey
 24946 | Vaults:1 | XOM: cloud trail
 24962 | Vaults:1 | XOM: 7-stop teleportation journey
 24966 | Vaults:1 | XOM: harmless Chrm miscast
 24985 | Vaults:1 | XOM: noise
 24988 | Vaults:1 | XOM: swap monsters
 25012 | Vaults:1 | XOM: harmless Chrm miscast
 25019 | Vaults:1 | XOM: chaos upgrade
 25021 | Vaults:1 | XOM: swap monsters
 25023 | Vaults:1 | XOM: smoke on damage
 25030 | Vaults:1 | XOM: silly message
 25034 | Vaults:1 | XOM: chaos upgrade
 25144 | Vaults:1 | XOM: noise
 25222 | Vaults:1 | XOM: noise
 25234 | Vaults:1 | XOM: confuse monster(s)
 25286 | Vaults:1 | Noticed Nikola
 25298 | Vaults:1 | XOM: cast spell 'Summon Butterflies'
 25303 | Vaults:1 | XOM: silly message
 25343 | Vaults:1 | Killed Nikola
 25479 | Vaults:1 | XOM: confuse monster(s)
 25505 | Vaults:1 | XOM: divination: detect creatures
 25524 | Vaults:1 | XOM: potion effect (brilliance)
 25531 | Vaults:1 | XOM: divination: detect items
 25532 | Vaults:1 | Reached XP level 20. HP: 101/142 MP: 26/26
 25537 | Vaults:1 | XOM: blink monster(s)
 25540 | Vaults:1 | XOM: cast spell 'Metabolic Englaciation'
 25543 | Vaults:1 | XOM: divination: detect items
 25564 | Vaults:1 | XOM: polymorph death knight -> slime creature
 25580 | Vaults:1 | XOM: enchant monster (good)
 25590 | Vaults:1 | XOM: chaos cloud
 25593 | Vaults:1 | XOM: chaos upgrade
 25606 | Vaults:1 | XOM: harmless Necr miscast
 25609 | Vaults:1 | XOM: harmless Summ miscast
 25612 | Vaults:1 | XOM: medium Pois miscast
 25630 | Vaults:1 | XOM: harmless Necr miscast
 25656 | Vaults:1 | XOM: noise
 25784 | Vaults:1 | XOM: confusion
 25786 | Vaults:1 | XOM: confusion (+ monsters)
 25951 | Vaults:1 | Reached skill level 12 in Dodging
 26010 | Vaults:1 | XOM: swap monsters
 26015 | Vaults:1 | XOM: swap monsters
 26059 | Vaults:1 | XOM: stat loss: -1 Str (16/17)
 26064 | Vaults:1 | XOM: god gift: glowing quarterstaff {god gift}
 26213 | Vaults:1 | Reached skill level 18 in Shields
 26630 | Vaults:2 | XOM: mild Necr miscast
 26651 | Vaults:2 | XOM: noise
 26810 | Vaults:2 | XOM: harmless Fire miscast
 26813 | Vaults:2 | XOM: 2-stop teleportation journey
 26864 | Vaults:2 | XOM: repel stairs
 27012 | Vaults:2 | XOM: harmless Air miscast
 27097 | Vaults:2 | You fall through a shaft for 2 floors!
 27100 | Vaults:4 | XOM: mild Conj miscast
 27127 | Vaults:4 | XOM: give mutations
 27127 | Vaults:4 | Lost mutation: You have sharp toenails. [Xom's mischief]
 27127 | Vaults:4 | Gained mutation: Scrolls take you a little longer to read. [Xom's mischief]
 27127 | Vaults:4 | Lost mutation: Your mind is acute. (Int +2) [Xom's mischief]
 27127 | Vaults:4 | Gained mutation: You are weak. (Str -2) [Xom's mischief]
 27169 | Vaults:4 | XOM: stat loss: -1 Int (9/10)
 27284 | Vaults:4 | XOM: enchant monster (good)
 27301 | Vaults:4 | XOM: summons friendly quasit
 27319 | Vaults:4 | XOM: cloud trail
 27350 | Vaults:4 | XOM: smoke on damage
 27461 | Vaults:4 | XOM: cloud trail
 27511 | Vaults:4 | XOM: polymorph hornet -> acid dragon
 27520 | Vaults:4 | XOM: scenery: create altars
 27521 | Vaults:4 | XOM: summons 2 friendly demons
 27717 | Vaults:4 | Found Vuqa's Food Shoppe.
 27738 | Vaults:4 | Reached XP level 21. HP: 88/149 MP: 26/27
 27821 | Vaults:4 | XOM: cast spell 'Metabolic Englaciation'
 27822 | Vaults:4 | XOM: polymorph great orb of eyes -> ice dragon
 27842 | Vaults:4 | XOM: harmless Air miscast
 27848 | Vaults:4 | XOM: summons 5 hostile demons
 27860 | Vaults:4 | XOM: mild Conj miscast
 27911 | Vaults:4 | XOM: chaos upgrade
 27981 | Vaults:4 | XOM: polymorph ironbrand convoker -> snapping turtle
 27987 | Vaults:4 | XOM: swap monsters
 28030 | Vaults:4 | XOM: scenery: 4 doors close
 28064 | Vaults:4 | XOM: harmless Chrm miscast
 28233 | Vaults:3 | XOM: potion effect (heal wounds)
 28253 | Vaults:3 | XOM: blink monster(s)
 28301 | Vaults:3 | XOM: swap monsters
 28320 | Vaults:3 | XOM: blink monster(s)
 28321 | Vaults:3 | XOM: mild Air miscast
 28502 | Vaults:3 | XOM: blink monster(s)
 28514 | Vaults:3 | Found Xuub's Antique Weapon Boutique.
 28629 | Vaults:3 | XOM: harmless Fire miscast
 28704 | Vaults:3 | XOM: divination: detect creatures
 28838 | Vaults:3 | XOM: cast spell 'Death Channel'
 28841 | Vaults:3 | XOM: noise
 28850 | Vaults:3 | XOM: divine lightning
 28963 | Vaults:3 | XOM: mild Conj miscast
 29028 | Vaults:3 | XOM: mild Conj miscast
 29070 | Vaults:3 | XOM: potion effect (berserk rage)
 29151 | Vaults:3 | XOM: silly message
 29170 | Vaults:3 | Reached skill level 15 in Fighting
 29269 | Vaults:3 | XOM: divination: magic mapping
 29771 | Vaults:2 | Reached XP level 22. HP: 145/157 MP: 28/28
 29849 | Vaults:2 | XOM: noise
 29888 | Vaults:2 | XOM: summons 6 friendly demons
 29908 | Vaults:2 | XOM: god gift: 21 gold pieces {god gift}
 29911 | Vaults:2 | XOM: summons friendly ufetubus
 29926 | Vaults:2 | XOM: polymorph ufetubus -> white imp
 29942 | Vaults:2 | Found a staircase to the Crypt.
 29944 | Vaults:2 | XOM: enchant monster (bad)
 30444 | Vaults:2 | XOM: cloud trail
 30795 | Elf:1    | XOM: noise
 30795 | Elf:1    | Entered Level 1 of the Elven Halls
 31039 | Elf:1    | XOM: polymorph deep elf archer -> faun
 31141 | Elf:1    | XOM: summons 2 friendly demons
 31400 | Elf:1    | XOM: 6-stop teleportation journey
 31722 | Elf:2    | XOM: cleaving
 31749 | Elf:2    | Found Ipal's Assorted Antiques.
 31816 | Elf:2    | XOM: polymorph deep elf knight -> anaconda
 31854 | Elf:2    | XOM: potion effect (brilliance)
 31951 | Elf:2    | Reached skill level 15 in Dodging
 32003 | Elf:2    | XOM: harmless Pois miscast
 32116 | Elf:2    | XOM: scenery: 1 doors open, 1 doors close
 32226 | Elf:2    | Found a runed gate.
 32226 | Elf:2    | Found a runed gate.
 32228 | Elf:2    | Found a runed gate.
 32280 | Elf:2    | XOM: scenery: 2 doors open, 3 doors close
 32312 | Elf:2    | XOM: divination: detect creatures
 32325 | Elf:2    | XOM: harmless Necr miscast
 32327 | Elf:2    | XOM: harmless Chrm miscast
 32340 | Elf:2    | XOM: summons friendly iron imp
 32347 | Elf:2    | XOM: summons friendly white imp
 32350 | Elf:2    | XOM: fake destruction
 32504 | Elf:2    | XOM: 2-stop teleportation journey
 32545 | Elf:2    | XOM: potion effect (invisibility)
 32560 | Elf:2    | XOM: polymorph something unseen -> ice dragon
 32585 | Elf:2    | XOM: smoke on damage
 32707 | Elf:3    | Entered Level 3 of the Elven Halls
 32714 | Elf:3    | Reached XP level 23. HP: 164/164 MP: 29/29
 33061 | Elf:3    | XOM: chaos upgrade
 33063 | Elf:3    | XOM: summons 2 friendly demons
 33167 | Elf:3    | XOM: summons friendly iron imp
 33171 | Elf:3    | XOM: blink monster(s)
 33173 | Elf:3    | XOM: fog
 33177 | Elf:3    | XOM: noise
 33193 | Elf:3    | XOM: torment (42/165 hp)
 33367 | Elf:3    | XOM: harmless Tmut miscast
 33371 | Elf:3    | XOM: summons 2 hostile demons
 33382 | Elf:3    | XOM: chaos upgrade
 33384 | Elf:3    | XOM: harmless Pois miscast
 33405 | Elf:3    | XOM: medium Tloc miscast
 33407 | Elf:3    | XOM: noise
 33487 | Elf:3    | XOM: confusion (+ monsters)
 33517 | Elf:3    | Reached skill level 18 in Armour
 33629 | Elf:3    | XOM: enchant monster (good)
 33633 | Elf:3    | Got a faintly humming chain mail
 33697 | Elf:2    | Identified the +1 chain mail of Onetog {*Drain Regen+ Int+8 Stlth-} (You took it off a deep elf high priest on level 3 of the Elven Halls)
 33739 | Elf:3    | XOM: harmless Hex miscast
 33796 | Elf:3    | XOM: scenery: create altars
 33802 | Elf:3    | XOM: blink monster(s)
 33818 | Elf:3    | XOM: summons friendly hellwing
 33840 | Elf:3    | XOM: scenery: create altars
 33844 | Elf:3    | XOM: confusion (+ monsters)
 33858 | Elf:3    | XOM: harmless Necr miscast
 33985 | Elf:3    | XOM: mild Tmut miscast
 34165 | Elf:3    | XOM: give mutations
 34165 | Elf:3    | Gained mutation: You are agile. (Dex +2) [Xom's grace]
 34165 | Elf:3    | Gained mutation: You have a pair of horns on your head. [Xom's grace]
 34165 | Elf:3    | Gained mutation: Your spells are a little harder to cast, but a little more powerful. [Xom's grace]
 34239 | Elf:3    | Learned a level 4 spell: Summon Lightning Spire
 34244 | Elf:3    | XOM: give mutations
 34244 | Elf:3    | Gained mutation: You have large cloven feet. [Xom's grace]
 34244 | Elf:3    | Gained mutation: You are covered in fur. (AC +1) [Xom's grace]
 34244 | Elf:3    | Lost mutation: You are weak. (Str -2) [Xom's grace]
 34246 | Elf:3    | Learned a level 6 spell: Deflect Missiles
 34268 | Elf:3    | Learned a level 3 spell: Regeneration
 34273 | Elf:3    | Learned a level 4 spell: Control Undead
 34289 | Elf:3    | Identified the +2 helmet "Nebinn" {rN+ SInv} (You found it on level 3 of the Elven Halls)
 34326 | Elf:3    | Got an encrusted scale mail
 34337 | Elf:3    | Identified the +0 scale mail "Awkeawk" {rCorr} (You found it on level 3 of the Elven Halls)
 34561 | Elf:3    | XOM: divination: detect creatures
 34911 | Lair:6   | XOM: potion effect (might)
 34918 | Lair:6   | XOM: mild Necr miscast
 34924 | Lair:6   | Found a staircase to the Slime Pits.
 34945 | Slime:1  | Entered Level 1 of the Pits of Slime
 35030 | Slime:1  | XOM: enchant monster (bad)
 35087 | Slime:2  | XOM: polymorph acid blob -> iron giant
 35093 | Slime:1  | XOM: summons 9 friendly demons
 35211 | Slime:1  | XOM: confusion
 35212 | Slime:1  | XOM: mild Ice miscast
 35213 | Slime:1  | XOM: blink monster(s)
 35233 | Slime:1  | HP: 4/165 [iron giant/iron shot (33)]
 35234 | Slime:1  | XOM: repel stairs
 35369 | Lair:6   | XOM: draining
 35457 | Slime:1  | XOM: medium Summ miscast
 35493 | Slime:2  | XOM: repel stairs
 35494 | Slime:2  | XOM: 2-stop teleportation journey
 35503 | Slime:2  | XOM: chaos cloud
 35542 | Slime:2  | XOM: blink monster(s)
 35549 | Slime:2  | XOM: harmless Chrm miscast
 35697 | Slime:2  | XOM: medium Ice miscast
 35851 | Slime:5  | Entered Level 5 of the Pits of Slime
 35864 | Slime:5  | Reached skill level 15 in Long Blades
 35864 | Slime:5  | Reached XP level 24. HP: 141/171 MP: 29/29
 35919 | Slime:5  | XOM: noise
 35920 | Slime:5  | XOM: severe Chrm miscast
 35920 | Slime:5  | Paralysed by the severe capriciousness of Xom for 4 turns
 35927 | Slime:5  | XOM: enchant monster (bad)
 35932 | Slime:5  | Reached skill level 9 in Evocations
 35932 | Slime:5  | XOM: divination: detect items
 35942 | Slime:5  | XOM: confuse monster(s)
 35951 | Slime:5  | XOM: silly message
 35977 | Slime:4  | XOM: harmless Necr miscast
 36041 | Slime:4  | XOM: harmless Conj miscast
 36151 | Slime:5  | Noticed the Royal Jelly
 36155 | Slime:5  | XOM: noise
 36202 | Slime:5  | XOM: summons 16 friendly demons
 36205 | Slime:5  | XOM: potion effect (might)
 36267 | Slime:5  | XOM: divination: detect items
 36354 | Slime:5  | XOM: potion effect (agility)
 36421 | Slime:5  | XOM: blink monster(s)
 36466 | Slime:5  | Found a viscous altar of Jiyva.
 36521 | Slime:5  | XOM: divination: magic mapping
 36530 | Slime:5  | Reached skill level 21 in Shields
 36532 | Slime:5  | Killed the Royal Jelly
 36535 | Slime:5  | XOM: noise
 36552 | Slime:5  | XOM: summons 12 hostile demons
 36566 | Slime:5  | XOM: mild Pois miscast
 36729 | Slime:4  | XOM: give mutations
 36729 | Slime:4  | Lost mutation: You are agile. (Dex +2) [Xom's mischief]
 36729 | Slime:4  | Lost mutation: You have a pair of horns on your head. [Xom's mischief]
 36729 | Slime:4  | Lost mutation: Scrolls take you a little longer to read. [Xom's mischief]
 36736 | Slime:4  | XOM: harmless Ice miscast
 36771 | Slime:5  | XOM: noise
 36890 | Slime:5  | Got a slimy rune of Zot
 36900 | Slime:5  | Got a slimy scale mail
 36911 | Slime:5  | Identified the +1 scale mail of Munajyr {MP+9} (You found it on level 5 of the Pits of Slime)
 36920 | Slime:5  | XOM: give mutation
 36920 | Slime:5  | Gained mutation: Your mind is acute. (Int +2) [Xom's grace]
 36941 | Slime:5  | XOM: 7-stop teleportation journey
 36982 | Slime:5  | Got a smoking morningstar
 36983 | Slime:5  | Identified the +8 morningstar of Zetyomas {flame, +Blink rElec Int+2} (You found it on level 5 of the Pits of Slime)
 37065 | Slime:3  | XOM: summons friendly crimson imp
 37110 | Slime:1  | XOM: blink monster(s)
 37257 | Slime:1  | XOM: 6-stop teleportation journey
 37330 | Slime:3  | XOM: 1-stop teleportation journey
 37510 | Slime:1  | XOM: polymorph acid blob -> iron giant
 37730 | Slime:2  | XOM: give mutation
 37730 | Slime:2  | Gained mutation: You have a pair of horns on your head. [Xom's grace]
 38121 | Depths:1 | Entered Level 1 of the Depths
 38218 | Depths:1 | XOM: destruction
 38222 | Depths:1 | XOM: polymorph cyan very ugly thing -> titan
 38240 | Depths:1 | XOM: mild Chrm miscast
 38246 | Depths:1 | XOM: mild Pois miscast
 38417 | Depths:1 | XOM: divination: detect creatures
 38602 | Depths:1 | Found a gateway to a ziggurat.
 38608 | Depths:1 | XOM: harmless Ice miscast
 38673 | Depths:1 | XOM: cast spell 'Dispersal'
 38754 | Depths:1 | Found Fusoimez's Distillery.
 38754 | Depths:1 | Found Siliwk's Armour Shoppe.
 38814 | Depths:1 | Found a gateway to Hell.
 38844 | Depths:1 | XOM: confusion (+ monsters)
 38859 | Depths:1 | Reached skill level 12 in Evocations
 38927 | Depths:1 | XOM: god gift: 3 tomahawks {god gift}
 38995 | Hell     | Entered the Vestibule of Hell
 38995 | Hell     | Noticed Geryon
 39070 | Depths:2 | XOM: confuse monster(s)
 39084 | Depths:2 | Gained mutation: Armour fits poorly on your strangely shaped body. [a shining eye]
 39085 | Depths:2 | XOM: harmless Conj miscast
 39086 | Depths:2 | Reached XP level 25. HP: 158/175 MP: 30/32
 39087 | Depths:2 | XOM: potion effect (curing)
 39112 | Depths:2 | XOM: potion effect (brilliance)
 39134 | Depths:1 | XOM: noise
 39158 | Depths:1 | XOM: confuse monster(s)
 39172 | Depths:1 | XOM: enchant monster (bad)
 39194 | Depths:2 | Noticed a caustic shrike
 39223 | Depths:1 | Killed a caustic shrike
 39246 | Depths:2 | XOM: divination: detect creatures
 39267 | Depths:2 | XOM: noise
 39598 | Depths:2 | XOM: divination: detect creatures
 39610 | Depths:2 | XOM: enchant monster (good)
 39622 | Depths:2 | XOM: confuse monster(s)
 39650 | Depths:2 | Found a one-way gate to the infinite horrors of the Abyss.
 39664 | Depths:2 | XOM: harmless Tmut miscast
 39710 | Depths:2 | XOM: harmless Pois miscast
 39722 | Depths:2 | XOM: potion effect (magic)
 39728 | Depths:2 | XOM: summons 6 friendly demons
 39837 | Depths:2 | XOM: confuse monster(s)
 39844 | Depths:2 | Noticed an ancient lich
 39870 | Depths:2 | Killed an ancient lich
 39873 | Depths:2 | XOM: silly message
 39917 | Depths:2 | Got a pitted scale mail
 39930 | Depths:2 | Identified the +6 scale mail of the Lost Path {rF+ SInv} (You found it on level 2 of the Depths)
 40105 | Depths:2 | XOM: summons 2 hostile demons
 40159 | Depths:2 | XOM: enchant monster (good)
 40312 | Depths:2 | Noticed a caustic shrike
 40329 | Depths:2 | Killed a caustic shrike
 40482 | Depths:2 | Identified the +5 ring mail "Gahett" {rN+ MP+9} (You took it off a deep elf master archer on level 2 of the Depths)
 40632 | Depths:3 | Found a one-way gate leading to the halls of Pandemonium.
 40668 | Depths:3 | XOM: destruction
 40695 | Depths:3 | XOM: confuse monster(s)
 40902 | Depths:3 | XOM: confuse monster(s)
 40919 | Depths:3 | Reached XP level 26. HP: 182/189 MP: 33/33
 40939 | Depths:3 | XOM: noise
 40940 | Depths:3 | Noticed Sojobo
 40965 | Depths:3 | XOM: smoke on damage
 40973 | Depths:3 | Killed Sojobo
 40973 | Depths:3 | Reached skill level 18 in Fighting
 40996 | Depths:3 | XOM: summons friendly iron imp
 41071 | Depths:3 | XOM: noise
 41078 | Depths:3 | XOM: give mutation
 41078 | Depths:3 | Lost mutation: Your mind is acute. (Int +2) [Xom's mischief]
 41120 | Depths:3 | XOM: repel stairs
 41145 | Depths:4 | XOM: stealth player
 41146 | Depths:4 | XOM: noise
 41162 | Depths:4 | XOM: summons 2 friendly demons
 41203 | Depths:4 | XOM: harmless Conj miscast
 41288 | Depths:4 | XOM: confusion (+ monsters)
 41393 | Depths:4 | XOM: confuse monster(s)
 41431 | Depths:4 | XOM: potion effect (brilliance)
 41471 | Depths:4 | XOM: scenery: create altars
 41485 | Depths:4 | XOM: summons 3 hostile shadow creatures
 41534 | Depths:4 | XOM: confusion
 41560 | Depths:4 | XOM: summons 1 hostile shadow creature
 41677 | Depths:3 | XOM: god gift: wand of scattershot (?/9) {god gift}
 41753 | Depths:4 | XOM: god gift: phantom mirror {god gift}
 41811 | Depths:4 | Identified Xom's Tome of Tumult {god gift} (Xom gifted it to you on level 4 of the Depths)
 41811 | Depths:4 | XOM: god gift: Xom's Tome of Tumult {god gift}
 41885 | Depths:4 | Found a corrupted altar of Lugonu.
 41997 | Depths:4 | XOM: cleaving
 42040 | Depths:4 | XOM: destruction
 42151 | Depths:4 | XOM: god gift: wand of confusion (?/48) {god gift}
 42181 | Depths:4 | XOM: give mutations
 42181 | Depths:4 | Gained mutation: You are somewhat resistant to both further mutation and mutation removal. [Xom's grace]
 42192 | Depths:4 | XOM: summons friendly ufetubus
 42444 | Depths:5 | Entered Level 5 of the Depths
 42522 | Depths:5 | XOM: cleaving
 42580 | Depths:5 | XOM: blink monster(s)
 42748 | Depths:5 | XOM: confusion
 42788 | Depths:5 | Reached skill level 1 in Charms
 42790 | Depths:5 | XOM: scenery: 2 doors open, 1 doors close
 42819 | Depths:5 | Reached skill level 1 in Necromancy
 42946 | Depths:5 | XOM: god gift: chain mail {god gift}
 43072 | Depths:5 | XOM: scenery: 1 doors close
 43097 | Depths:5 | Reached skill level 3 in Charms
 43103 | Depths:5 | XOM: fog
 43198 | Depths:5 | XOM: scenery: 3 doors open, 1 doors close
 43246 | Depths:5 | Reached skill level 3 in Necromancy
 43330 | Depths:5 | XOM: potion effect (berserk rage)
 43461 | Depths:5 | Reached XP level 27. HP: 173/203 MP: 33/33
 43472 | Depths:5 | XOM: divine lightning
 43473 | Depths:5 | XOM: fog
 43580 | Depths:5 | Found a gate to the Realm of Zot.
 43707 | D:15     | XOM: scenery: 3 doors close
 43714 | D:15     | Reached skill level 1 in Translocations
 43894 | Vaults:5 | Entered Level 5 of the Vaults
 43896 | Vaults:5 | XOM: polymorph vault guard -> something unseen
 43911 | Vaults:5 | Reached skill level 6 in Charms
 43912 | Vaults:5 | XOM: potion effect (might)
 43930 | Vaults:5 | Reached skill level 3 in Translocations
 43936 | Vaults:5 | XOM: divination: magic mapping
 43945 | Vaults:5 | XOM: confuse monster(s)
 43947 | Vaults:5 | XOM: cast spell 'Summon Small Mammal'
 43979 | Vaults:5 | XOM: confuse monster(s)
 43983 | Vaults:5 | XOM: potion effect (brilliance)
 43984 | Vaults:5 | XOM: potion effect (berserk rage)
 43995 | Vaults:5 | Noticed an ancient lich
 43997 | Vaults:5 | XOM: harmless Chrm miscast
 44001 | Vaults:5 | XOM: mild Tmut miscast
 44020 | Vaults:5 | XOM: divination: detect creatures
 44025 | Vaults:5 | XOM: silly message
 44048 | Vaults:5 | Reached skill level 6 in Necromancy
 44062 | Vaults:5 | XOM: potion effect (magic)
 44065 | Vaults:5 | XOM: potion effect (haste)
 44087 | Vaults:5 | XOM: potion effect (heal wounds)
 44107 | Vaults:5 | XOM: divination: magic mapping
 44115 | Vaults:5 | XOM: cast spell 'Cause Fear'
 44117 | Vaults:5 | XOM: destruction
 44123 | Vaults:5 | Reached skill level 6 in Translocations
 44133 | Vaults:5 | XOM: divination: detect creatures
 44143 | Vaults:5 | XOM: give mutations
 44143 | Vaults:5 | Gained mutation: Your spells are harder to cast, but more powerful. [Xom's grace]
 44143 | Vaults:5 | Gained mutation: You have a pair of large horns on your head. [Xom's grace]
 44143 | Vaults:5 | Gained mutation: Your spells are much harder to cast, but much more powerful. [Xom's grace]
 44143 | Vaults:5 | Gained mutation: You are agile. (Dex +2) [Xom's grace]
 44148 | Vaults:5 | XOM: 2-stop teleportation journey
 44155 | Vaults:5 | XOM: potion effect (haste)
 44331 | Vaults:5 | XOM: stat loss: -1 Dex (23/24)
 44346 | Vaults:4 | XOM: divine lightning
 44349 | Vaults:4 | Killed an ancient lich
 44349 | Vaults:4 | Reached skill level 9 in Charms
 44355 | Vaults:4 | XOM: give mutations
 44355 | Vaults:4 | Lost mutation: You have a pair of large horns on your head. [Xom's mischief]
 44355 | Vaults:4 | Lost mutation: You passively map the area around you. [Xom's mischief]
 44355 | Vaults:4 | Lost mutation: You have a pair of horns on your head. [Xom's mischief]
 44355 | Vaults:4 | Lost mutation: You have a pair of small horns on your head. [Xom's mischief]
 44462 | Vaults:4 | XOM: harmless Tloc miscast
 44634 | Vaults:5 | XOM: summons friendly quasit
 44635 | Vaults:5 | XOM: blink monster(s)
 44641 | Vaults:5 | XOM: summons friendly quasit
 44659 | Vaults:5 | XOM: cast spell 'Necromutation'
 44691 | Vaults:5 | XOM: potion effect (brilliance)
 44696 | Vaults:5 | XOM: enchant monster (good)
 44701 | Vaults:5 | XOM: noise
 44710 | Vaults:5 | XOM: stat loss: -1 Int (14/15)
 44718 | Vaults:5 | XOM: chaos cloud
 44731 | Vaults:5 | XOM: harmless Ice miscast
 44767 | Vaults:5 | XOM: blink monster(s)
 44821 | Vaults:5 | XOM: mild Necr miscast
 44872 | Vaults:5 | Got a shimmering dagger {flame}
 44873 | Vaults:5 | Identified the +10 dagger "Ipinas" {flame, +Blink rPois rF+ MR+} (You took it off a tengu reaver on level 5 of the Vaults)
 44895 | Vaults:5 | XOM: mild Air miscast
 44907 | Vaults:5 | XOM: enchant monster (bad)
 44949 | Vaults:5 | Got a silver rune of Zot
 45143 | Vaults:5 | XOM: medium Hex miscast
 45155 | Vaults:5 | Reached skill level 1 in Air Magic
 45273 | Vaults:5 | XOM: enchant monster (bad)
 45284 | Vaults:5 | Reached skill level 1 in Transmutations
 45500 | Vaults:5 | XOM: swap monsters
 45502 | Vaults:5 | XOM: 1-stop teleportation journey
 45504 | Vaults:5 | XOM: polymorph yaktaur captain -> azure jelly
 45507 | Vaults:5 | XOM: give mutation
 45507 | Vaults:5 | Lost mutation: You are somewhat resistant to both further mutation and mutation removal. [Xom's mischief]
 45652 | Vaults:5 | XOM: give mutations
 45652 | Vaults:5 | Lost mutation: Your spells are much harder to cast, but much more powerful. [Xom's mischief]
 45652 | Vaults:5 | Lost mutation: Your spells are harder to cast, but more powerful. [Xom's mischief]
 45652 | Vaults:5 | Lost mutation: You can translocate small distances at will. [Xom's mischief]
 45653 | Vaults:5 | Learned a level 1 spell: Apportation
 45657 | Vaults:5 | Learned a level 3 spell: Lesser Beckoning
 45659 | Vaults:5 | Learned a level 1 spell: Summon Butterflies
 45922 | Vaults:5 | XOM: 3-stop teleportation journey
 45927 | Vaults:5 | Identified the +4 chain mail "Otoo" {rElec rF+ Int-5} (You found it on level 5 of the Vaults)
 45930 | Vaults:5 | XOM: silly message
 46107 | Vaults:5 | Reached skill level 21 in Fighting
 46167 | Vaults:4 | XOM: draining
 46295 | Crypt:1  | Entered Level 1 of the Crypt
 46320 | Crypt:1  | XOM: harmless Necr miscast
 46354 | Crypt:1  | XOM: medium Pois miscast
 46357 | Crypt:1  | XOM: swap monsters
 46379 | Crypt:1  | XOM: confuse monster(s)
 46686 | Crypt:1  | XOM: mild Tmut miscast
 46688 | Crypt:1  | XOM: harmless Conj miscast
 46789 | Crypt:1  | XOM: enchant monster (bad)
 46936 | Crypt:1  | XOM: polymorph necromancer -> merfolk
 46938 | Crypt:1  | XOM: fog
 46982 | Crypt:1  | XOM: swap monsters
 47000 | Crypt:1  | XOM: give mutation
 47000 | Crypt:1  | Lost mutation: Armour fits poorly on your strangely shaped body. [Xom's mischief]
 47027 | Crypt:1  | XOM: medium Conj miscast
 47069 | Crypt:1  | XOM: stat loss: -1 Int (9/10)
 47086 | Crypt:1  | XOM: scenery: 3 doors open, 3 doors close
 47305 | Crypt:2  | XOM: 2-stop teleportation journey
 47310 | Crypt:2  | XOM: give mutations
 47310 | Crypt:2  | Lost mutation: You are resistant to hostile enchantments. (MR+) [Xom's mischief]
 47310 | Crypt:2  | Lost mutation: You are agile. (Dex +2) [Xom's mischief]
 47310 | Crypt:2  | Gained mutation: Armour fits poorly on your strangely shaped body. [Xom's mischief]
 47334 | Crypt:2  | XOM: chaos upgrade
 47338 | Crypt:2  | XOM: noise
 47395 | Crypt:2  | XOM: mild Ice miscast
 47505 | Crypt:2  | XOM: potion effect (heal wounds)
 47619 | Crypt:2  | XOM: scenery: create altars
 47692 | Crypt:2  | Found a blossoming altar of Fedhas.
 47865 | Crypt:3  | Entered Level 3 of the Crypt
 47914 | Crypt:3  | XOM: potion effect (experience)
 47921 | Crypt:3  | Reached skill level 6 in Air Magic
 48015 | Crypt:3  | Reached skill level 1 in Summonings
 48113 | Crypt:3  | Got a scintillating copper ring
 48114 | Crypt:3  | Identified the ring "Fitioc" {+Inv rN+ Str+3 Dex+4} (You found it on level 3 of the Crypt)
 48115 | Crypt:3  | Identified the amulet "Lete" {Regen+ Int-3 Dex+3} (You found it on level 3 of the Crypt)
 48120 | Crypt:3  | Identified the ring "Kufodgh" {*Corrode rN+ Str+2 Stlth+} (You found it on level 3 of the Crypt)
 48140 | Crypt:3  | XOM: divination: detect creatures
 48200 | Crypt:3  | XOM: scenery: create altars
 48242 | Crypt:3  | XOM: summons friendly crimson imp
 48257 | Crypt:3  | Identified the Guide on Air and Enchantment
 48331 | Crypt:3  | XOM: divination: detect items
 48390 | Crypt:3  | XOM: stat loss: -1 Dex (28/29)
 48410 | Crypt:3  | XOM: 5-stop teleportation journey
 48486 | Crypt:3  | XOM: summons 4 friendly demons
 48491 | Crypt:3  | XOM: cast spell 'Summon Horrible Things'
 48578 | Crypt:3  | Found a staircase to the Tomb.
 48665 | Crypt:3  | XOM: scenery: 1 doors close
 48715 | Crypt:3  | Noticed Frederick
 48722 | Crypt:3  | XOM: summons 3 friendly demons
 48737 | Crypt:3  | XOM: fog
 48738 | Crypt:3  | Killed Frederick
 48738 | Crypt:3  | Reached skill level 3 in Summonings
 48751 | Crypt:3  | XOM: cast spell 'Cause Fear'
 48786 | Crypt:3  | XOM: cleaving
 48789 | Crypt:3  | Found an ancient bone altar of Kikubaaqudgha.
 48837 | Crypt:3  | XOM: confuse monster(s)
 48867 | Crypt:3  | XOM: polymorph reaper -> cacodemon
 48894 | Crypt:3  | XOM: fog
 48910 | Crypt:3  | XOM: polymorph soul eater -> sun demon
 48969 | Crypt:3  | Noticed an ancient lich
 48978 | Crypt:3  | Noticed Saint Roka
 48989 | Crypt:3  | XOM: fog
 48994 | Crypt:3  | XOM: cleaving
 48998 | Crypt:3  | XOM: scenery: create altars
 49003 | Crypt:3  | Killed an ancient lich
 49011 | Crypt:3  | Killed Saint Roka
 49012 | Crypt:3  | Reached skill level 6 in Spellcasting
 49064 | Crypt:3  | XOM: fog
 49079 | Crypt:3  | Identified the Almanac of Black Magic
 49083 | Crypt:3  | Learned a level 2 spell: Sublimation of Blood
 49162 | Crypt:3  | XOM: cast spell 'Summon Ice Beast'
 49624 | Orc:2    | XOM: give mutations
 49624 | Orc:2    | Gained mutation: You have a pair of small horns on your head. [Xom's grace]
 49624 | Orc:2    | Gained mutation: You are robust. (+10% HP) [Xom's grace]
 49624 | Orc:2    | Gained mutation: You possess an exceptional clarity of mind. [Xom's grace]
 49687 | Elf:2    | Bought 3 potions of might for 312 gold pieces
 49687 | Elf:2    | Bought a scroll of teleportation for 78 gold pieces
 49687 | Elf:2    | Bought a scroll of summoning for 247 gold pieces
 49687 | Elf:2    | Bought a shimmering dagger for 182 gold pieces
 49687 | Elf:2    | Bought a scroll of teleportation for 78 gold pieces
 49687 | Elf:2    | Bought a potion of mutation for 208 gold pieces
 49687 | Elf:2    | Bought a scroll of teleportation for 78 gold pieces
 49687 | Elf:2    | Identified the +9 dagger of Twilight {speed, Str+5 Dex+4 Stlth+} (You bought it in a shop on level 2 of the Elven Halls)
 49764 | Orc:2    | XOM: god gift: polished hat {god gift}
 49765 | Orc:2    | Got a polished hat {god gift}
 49776 | Orc:2    | Identified the +1 hat "Vuas" {god gift, rCorr MP+9 Slay+2} (Xom gifted it to you on level 2 of the Orcish Mines)
 49782 | Orc:2    | Bought a +2 ring of strength for 135 gold pieces
 49782 | Orc:2    | Bought an uncursed ring of ice for 450 gold pieces
 49782 | Orc:2    | Bought the ring "Viubeadam" {rElec rPois rF++ Dex-5} for 738 gold pieces
 49794 | Orc:2    | Bought a +3 ring of slaying for 630 gold pieces
 49865 | Orc:1    | Bought a book of Battle for 640 gold pieces
 49868 | Orc:1    | Learned a level 2 spell: Song of Slaying
 50026 | Depths:1 | Bought 2 potions of curing for 126 gold pieces
 50026 | Depths:1 | Bought a potion of mutation for 168 gold pieces
 50026 | Depths:1 | Bought 2 potions of heal wounds for 210 gold pieces
 50026 | Depths:1 | Bought a potion of agility for 84 gold pieces
 50026 | Depths:1 | Bought 2 potions of brilliance for 168 gold pieces
 50026 | Depths:1 | Bought a potion of curing for 63 gold pieces
 50026 | Depths:1 | Bought a potion of might for 84 gold pieces
 50026 | Depths:1 | Bought a potion of invisibility for 168 gold pieces
 50026 | Depths:1 | Bought a potion of resistance for 210 gold pieces
 50026 | Depths:1 | Bought a potion of brilliance for 84 gold pieces
 50059 | Zig:1    | Entered Level 1 of a ziggurat
 50063 | Zig:1    | XOM: summons friendly iron imp
 50081 | Zig:2    | Entered Level 2 of a ziggurat
 50088 | Zig:2    | XOM: noise
 50101 | Zig:3    | Entered Level 3 of a ziggurat
 50135 | Zig:4    | Entered Level 4 of a ziggurat
 50167 | Zig:5    | Entered Level 5 of a ziggurat
 50216 | Zig:6    | Entered Level 6 of a ziggurat
 50248 | Zig:6    | XOM: enchant monster (good)
 50275 | Zig:6    | Identified the amulet "Liamaw" {Faith *Drain +Inv rF+ Str+3} (You found it on level 6 of a ziggurat)
 50339 | Zig:7    | Entered Level 7 of a ziggurat
 50356 | Zig:7    | Reached skill level 9 in Air Magic
 50357 | Zig:7    | XOM: divination: detect creatures
 50436 | Zig:8    | Entered Level 8 of a ziggurat
 50520 | Zig:8    | Identified the amulet of Walliw {+Inv Regen+ Int+2 Dex-2 SInv} (You found it on level 8 of a ziggurat)
 50525 | Zig:9    | Entered Level 9 of a ziggurat
 50528 | Zig:9    | XOM: god gift: glowing war axe {god gift}
 50537 | Zig:9    | XOM: divination: magic mapping
 50547 | Zig:9    | XOM: confuse monster(s)
 50550 | Zig:9    | XOM: chaos upgrade
 50551 | Zig:9    | Reached skill level 6 in Summonings
 50640 | Zig:10   | Entered Level 10 of a ziggurat
 50649 | Zig:10   | Noticed a shard shrike
 50650 | Zig:10   | Noticed a shard shrike
 50650 | Zig:10   | Noticed a shard shrike
 50651 | Zig:10   | Noticed a shard shrike
 50658 | Zig:10   | XOM: potion effect (agility)
 50660 | Zig:10   | XOM: polymorph ice beast -> rime drake
 50661 | Zig:10   | XOM: blink monster(s)
 50665 | Zig:10   | Killed a shard shrike
 50667 | Zig:10   | Killed a shard shrike
 50672 | Zig:10   | Killed a shard shrike
 50675 | Zig:10   | Killed a shard shrike
 50683 | Zig:10   | XOM: 1-stop teleportation journey
 50687 | Zig:10   | XOM: chaos upgrade
 50789 | Zig:11   | Entered Level 11 of a ziggurat
 50841 | Zig:11   | Identified the Reference Book on Feathers and Combat Magic
 50870 | Zig:12   | Entered Level 12 of a ziggurat
 50879 | Zig:12   | XOM: draining
 50924 | Zig:12   | Got a bound graven amulet
 50925 | Zig:12   | Identified the amulet "Mittocva" {RegenMP Fragile rPois rC+ SInv} (You found it on level 12 of a ziggurat)
 51074 | Hell     | XOM: silly message
 51126 | Hell     | XOM: confuse monster(s)
 51140 | Hell     | XOM: cast spell 'Summon Hydra'
 51142 | Hell     | Found a gateway to the decaying netherworld of Tartarus.
 51158 | Hell     | XOM: harmless Conj miscast
 51165 | Hell     | Noticed Murray
 51174 | Hell     | XOM: scenery: create altars
 51185 | Hell     | Killed Murray
 51200 | Hell     | Found a gateway to the freezing wastes of Cocytus.
 51200 | Hell     | XOM: 3-stop teleportation journey
 51263 | Hell     | Reached skill level 12 in Charms
 51269 | Hell     | Found a gateway to the Iron City of Dis.
 51345 | Hell     | Reached skill level 9 in Spellcasting
 51349 | Hell     | XOM: fog
 51372 | Hell     | XOM: fog
 51380 | Hell     | XOM: scenery: create altars
 51408 | Hell     | XOM: divine lightning
 51421 | Hell     | Killed Geryon
 51718 | Crypt:3  | XOM: give mutations
 51718 | Crypt:3  | Gained mutation: You have hoof-like feet. [Xom's grace]
 51718 | Crypt:3  | Gained mutation: Your spells are harder to cast, but more powerful. [Xom's grace]
 51785 | Crypt:3  | Learned a level 4 spell: Animate Dead
 51980 | Vaults:2 | XOM: give mutation
 51980 | Vaults:2 | Lost mutation: You have hoof-like feet. [Xom's mischief]
 52144 | Depths:3 | XOM: cloud trail
 52154 | Pan      | Entered Pandemonium
 52241 | Pan      | Found an exit through the horrors of the Abyss.
 52262 | Pan      | XOM: fog
 52285 | Pan      | XOM: scenery: 1 doors open, 1 doors close
 52321 | Pan      | XOM: summons friendly white imp
 52330 | Pan      | Noticed Gemaoske the pandemonium lord
 52337 | Pan      | XOM: cast spell 'Summon Dragon'
 52348 | Pan      | Killed Gemaoske the pandemonium lord
 52458 | Pan      | XOM: enchant monster (good)
 52470 | Pan      | XOM: summons friendly crimson imp
 52486 | Pan      | XOM: confuse monster(s)
 52510 | Pan      | XOM: enchant monster (good)
 52556 | Pan      | Noticed Caetamen the pandemonium lord
 52569 | Pan      | XOM: polymorph Caetamen -> Caetamen
 52570 | Pan      | XOM: polymorph Caetamen -> Caetamen
 52613 | Pan      | XOM: polymorph torturous corrupter -> storm dragon
 52617 | Pan      | XOM: cast spell 'Alistair's Intoxication'
 52656 | Pan      | Found an exit through the horrors of the Abyss.
 52658 | Pan      | XOM: mild Hex miscast
 52781 | Pan      | XOM: confuse monster(s)
 52835 | Pan      | XOM: scenery: 1 doors close
 52844 | Pan      | XOM: cleaving
 52953 | Pan      | XOM: potion effect (might)
 52998 | Pan      | XOM: divination: detect items
 53014 | Pan      | Noticed Anuocul the pandemonium lord
 53019 | Pan      | Got a demonic rune of Zot
 53024 | Pan      | Noticed Mennas
 53035 | Pan      | XOM: divination: detect creatures
 53063 | Pan      | Killed Mennas
 53081 | Pan      | XOM: cast spell 'Summon Ice Beast'
 53147 | Pan      | XOM: harmless Tloc miscast
 53194 | Pan      | XOM: god gift: runed plate armour {god gift}
 53282 | Pan      | XOM: divination: detect creatures
 53322 | Pan      | XOM: summons 5 friendly demons
 53325 | Pan      | XOM: summons friendly crimson imp
 53326 | Pan      | XOM: potion effect (might)
 53333 | Pan      | XOM: summons friendly crimson imp
 53366 | Pan      | XOM: destruction
 53397 | Pan      | XOM: harmless Fire miscast
 53452 | Pan      | XOM: noise
 53540 | Pan      | Reached skill level 12 in Air Magic
 53549 | Pan      | Noticed Arpheireic the pandemonium lord
 53566 | Pan      | Killed Arpheireic the pandemonium lord
 53571 | Pan      | XOM: divination: magic mapping
 53572 | Pan      | Reached skill level 15 in Evocations
 53638 | Pan      | XOM: enchant monster (good)
 53658 | Pan      | XOM: divination: magic mapping
 53736 | Pan      | Noticed Sailyi the pandemonium lord
 53743 | Pan      | XOM: potion effect (haste)
 53764 | Pan      | Killed Sailyi the pandemonium lord
 53788 | Pan      | XOM: potion effect (haste)
 53800 | Pan      | XOM: harmless Necr miscast
 53881 | Pan      | Noticed Megobb the pandemonium lord
 53893 | Pan      | XOM: noise
 53902 | Pan      | Killed Megobb the pandemonium lord
 53924 | Pan      | XOM: enchant monster (bad)
 53935 | Pan      | XOM: scenery: 3 doors open
 53938 | Pan      | XOM: confuse monster(s)
 53952 | Pan      | XOM: scenery: 3 doors close
 54041 | Pan      | Lost mutation: You possess an exceptional clarity of mind. [a cacodemon]
 54061 | Pan      | Noticed Falisoin the pandemonium lord
 54067 | Pan      | XOM: swap monsters
 54079 | Pan      | XOM: enchant monster (good)
 54098 | Pan      | Entered the realm of Cerebov.
 54327 | Pan      | XOM: fog
 54355 | Pan      | Found an exit through the horrors of the Abyss.
 54373 | Pan      | XOM: scenery: 1 doors open, 1 doors close
 54402 | Pan      | XOM: polymorph balrug -> green death
 54425 | Pan      | Reached skill level 18 in Dodging
 54466 | Pan      | XOM: scenery: 2 doors close
 54487 | Pan      | XOM: enchant monster (good)
 54499 | Pan      | XOM: noise
 54505 | Pan      | Identified the +12 double sword of Balance {slice, rC+} (You took it off a balrug in Pandemonium)
 54544 | Pan      | Noticed Cerebov
 54603 | Pan      | XOM: summons friendly crimson imp
 54611 | Pan      | XOM: summons 12 hostile demons
 54623 | Pan      | XOM: cast spell 'Alistair's Intoxication'
 54625 | Pan      | XOM: confusion (+ monsters)
 54628 | Pan      | XOM: summons friendly ufetubus
 54635 | Pan      | XOM: enchant monster (good)
 54737 | Pan      | Got a fiery rune of Zot
 54764 | Pan      | Identified the Papyrus of Fetching Flight
 54783 | Pan      | XOM: summons friendly ufetubus
 54818 | Pan      | XOM: enchant monster (bad)
 54841 | Pan      | XOM: enchant monster (bad)
 54882 | Pan      | Noticed Qamesaud the pandemonium lord
 54946 | Pan      | Reached skill level 15 in Charms
 55000 | Pan      | XOM: confusion
 55017 | Pan      | Noticed Esuhog the pandemonium lord
 55137 | Pan      | Reached skill level 6 in Stealth
 55152 | Pan      | XOM: summons 7 friendly demons
 55171 | Pan      | XOM: enchant monster (good)
 55183 | Pan      | Reached skill level 7 in Stealth
 55287 | Pan      | Reached skill level 8 in Stealth
 55293 | Pan      | XOM: noise
 55353 | Pan      | Found a white marble altar of Elyvilon.
 55361 | Pan      | XOM: summons friendly ufetubus
 55370 | Pan      | XOM: scenery: create altars
 55402 | Pan      | XOM: medium Pois miscast
 55413 | Pan      | Reached skill level 9 in Stealth
 55419 | Pan      | XOM: confuse monster(s)
 55444 | Pan      | XOM: give mutations
 55444 | Pan      | Lost mutation: You have a pair of small horns on your head. [Xom's mischief]
 55444 | Pan      | Lost mutation: You are robust. (+10% HP) [Xom's mischief]
 55491 | Pan      | Reached skill level 10 in Stealth
 55502 | Pan      | XOM: confuse monster(s)
 55634 | Pan      | XOM: scenery: create altars
 55696 | Pan      | Reached skill level 11 in Stealth
 55742 | Pan      | XOM: swap monsters
 55794 | Pan      | XOM: confuse monster(s)
 55930 | Pan      | XOM: enchant monster (good)
 55934 | Pan      | Reached skill level 12 in Stealth
 55981 | Pan      | XOM: scenery: create altars
 55991 | Pan      | XOM: fake destruction
 55998 | Pan      | XOM: polymorph ophan -> apis
 56013 | Pan      | XOM: confuse monster(s)
 56040 | Pan      | XOM: cast spell 'Ring of Flames'
 56077 | Pan      | XOM: enchant monster (good)
 56085 | Pan      | Reached skill level 13 in Stealth
 56176 | Pan      | XOM: enchant monster (good)
 56225 | Pan      | XOM: 1-stop teleportation journey
 56231 | Pan      | XOM: enchant monster (bad)
 56248 | Pan      | XOM: swap monsters
 56261 | Pan      | XOM: destruction
 56274 | Pan      | XOM: fog
 56277 | Pan      | XOM: enchant monster (bad)
 56280 | Pan      | XOM: confusion
 56282 | Pan      | XOM: swap monsters
 56286 | Pan      | XOM: swap monsters
 56296 | Pan      | XOM: noise
 56317 | Pan      | Found a glowing golden altar of the Shining One.
 56317 | Pan      | Noticed a seraph
 56318 | Pan      | XOM: swap monsters
 56354 | Pan      | XOM: 2-stop teleportation journey
 56421 | Pan      | XOM: noise
 56427 | Pan      | XOM: harmless Erth miscast
 56513 | Pan      | Reached skill level 14 in Stealth
 56530 | Pan      | XOM: polymorph daeva -> apis
 56571 | Pan      | XOM: give mutations
 56571 | Pan      | Lost mutation: You are covered in fur. (AC +1) [Xom's mischief]
 56571 | Pan      | Lost mutation: Your flesh is cold resistant. (rC+) [Xom's mischief]
 56571 | Pan      | Lost mutation: Armour fits poorly on your strangely shaped body. [Xom's mischief]
 56571 | Pan      | Lost mutation: You have a moderately thin skeletal structure. (Dex +4, Stealth+) [Xom's mischief]
 56590 | Pan      | XOM: harmless Conj miscast
 56663 | Pan      | XOM: cleaving
 56681 | Pan      | Found a glowing silver altar of Zin.
 56789 | Pan      | XOM: chaos cloud
 56845 | Pan      | XOM: summons 2 hostile demons
 56890 | Pan      | XOM: enchant monster (bad)
 56932 | Pan      | XOM: cleaving
 56939 | Pan      | Reached skill level 15 in Stealth
 56960 | Pan      | XOM: cast spell 'Summon Butterflies'
 56989 | Pan      | XOM: harmless Summ miscast
 56993 | Pan      | XOM: mild Tmut miscast
 57022 | Pan      | XOM: harmless Tloc miscast
 57038 | Pan      | XOM: scenery: create altars
 57147 | Pan      | XOM: divination: magic mapping
 57150 | Pan      | XOM: polymorph apis -> ophan
 57161 | Pan      | XOM: enchant monster (bad)
 57168 | Pan      | XOM: enchant monster (bad)
 57204 | Pan      | Reached skill level 16 in Stealth
 57253 | Pan      | XOM: draining
 57278 | Pan      | XOM: harmless Hex miscast
 57313 | Pan      | XOM: mild Summ miscast
 57332 | Pan      | XOM: divination: magic mapping
 57335 | Pan      | XOM: potion effect (berserk rage)
 57398 | Pan      | XOM: 1-stop teleportation journey
 57467 | Pan      | XOM: fog
 57474 | Pan      | XOM: summons friendly crimson imp
 57501 | Pan      | XOM: mild Conj miscast
 57536 | Pan      | XOM: give mutation
 57536 | Pan      | Lost mutation: You are surrounded by a mild repulsion field. (EV +2) [Xom's mischief]
 57542 | Pan      | XOM: blink monster(s)
 57544 | Pan      | XOM: divination: detect items
 57562 | Pan      | XOM: enchant monster (good)
 57570 | Pan      | XOM: 2-stop teleportation journey
 57592 | Pan      | XOM: cloud trail
 57624 | Pan      | XOM: fog
 57665 | Pan      | Killed a seraph
 57665 | Pan      | Reached skill level 17 in Stealth
 57742 | Depths:3 | Escaped Pandemonium
 57756 | Depths:3 | XOM: give mutations
 57756 | Depths:3 | Lost mutation: You passively map a small area around you. [Xom's mischief]
 57756 | Depths:3 | Gained mutation: Your flesh is heat resistant. (rF+) [Xom's mischief]
 57756 | Depths:3 | Gained mutation: Your body sometimes deteriorates upon taking damage. [Xom's mischief]
 57760 | Pan      | Entered Pandemonium
 57802 | Pan      | XOM: potion effect (brilliance)
 57879 | Pan      | Gained mutation: You expend magic power (3 MP) to strengthen your wands. [a neqoxec]
 57919 | Pan      | XOM: summons friendly crimson imp
 57940 | Pan      | Reached skill level 18 in Stealth
 57961 | Pan      | Noticed Cerebov
 57961 | Pan      | XOM: divination: magic mapping
 58027 | Pan      | Found an exit through the horrors of the Abyss.
 58071 | Pan      | XOM: scenery: create altars
 58142 | Pan      | XOM: god gift: 57 gold pieces {god gift}
 58144 | Pan      | Noticed Woemil the pandemonium lord
 58155 | Pan      | Killed Woemil the pandemonium lord
 58223 | Pan      | Reached skill level 19 in Stealth
 58239 | Pan      | Gained mutation: You tend to lose your temper in combat. [a cacodemon]
 58244 | Pan      | XOM: 4-stop teleportation journey
 58261 | Pan      | XOM: divine lightning
 58281 | Pan      | XOM: potion effect (might)
 58295 | Pan      | XOM: enchant monster (good)
 58298 | Pan      | XOM: scenery: create altars
 58300 | Pan      | XOM: god gift: bread ration {god gift}
 58302 | Pan      | XOM: summons friendly shadow imp
 58320 | Pan      | XOM: confusion
 58352 | Pan      | XOM: swap monsters
 58385 | Pan      | XOM: mild Conj miscast
 58460 | Pan      | Reached skill level 20 in Stealth
 58462 | Depths:3 | Escaped Pandemonium
 58467 | Pan      | Entered Pandemonium
 58470 | Pan      | Found an exit through the horrors of the Abyss.
 58520 | Pan      | Identified the ring of Firuxayrr {rPois rC+ Str+2} (You found it in Pandemonium)
 58536 | Pan      | XOM: harmless Ice miscast
 58597 | Pan      | XOM: blink monster(s)
 58609 | Pan      | Noticed Wegreag the pandemonium lord
 58609 | Pan      | XOM: scenery: create altars
 58625 | Pan      | XOM: polymorph Wegreag -> Wegreag
 58629 | Pan      | XOM: fog
 58636 | Pan      | Identified Xom's Tome of Invincibility {god gift} (Xom gifted it to you in Pandemonium)
 58636 | Pan      | XOM: god gift: Xom's Tome of Invincibility {god gift}
 58640 | Pan      | XOM: scenery: create altars
 58646 | Pan      | Killed Wegreag the pandemonium lord
 58793 | Pan      | XOM: 3-stop teleportation journey
 59059 | Pan      | Noticed Zaps the pandemonium lord
 59129 | Pan      | Entered the realm of Lom Lobon.
 59148 | Pan      | Reached skill level 21 in Stealth
 59156 | Pan      | XOM: divination: magic mapping
 59160 | Pan      | XOM: summons 7 friendly demons
 59234 | Pan      | Found an exit through the horrors of the Abyss.
 59234 | Pan      | XOM: 4-stop teleportation journey
 59254 | Pan      | XOM: enchant monster (bad)
 59309 | Pan      | XOM: give mutations
 59309 | Pan      | Gained mutation: You can translocate small distances at will. [Xom's grace]
 59326 | Pan      | XOM: cast spell 'Chain of Chaos'
 59342 | Pan      | XOM: cast spell 'Summon Small Mammal'
 59397 | Pan      | XOM: destruction
 59419 | Pan      | Reached skill level 22 in Stealth
 59434 | Pan      | XOM: god gift: bread ration {god gift}
 59438 | Pan      | XOM: confusion
 59564 | Pan      | XOM: noise
 59680 | Pan      | XOM: silly message
 59682 | Pan      | XOM: enchant monster (bad)
 59702 | Pan      | XOM: enchant monster (bad)
 59706 | Pan      | XOM: blink monster(s)
 59708 | Pan      | XOM: severe Ice miscast
 59711 | Pan      | XOM: divination: detect creatures
 59775 | Pan      | Noticed Lom Lobon
 59787 | Pan      | XOM: polymorph green death -> balrug
 59803 | Pan      | XOM: polymorph wind drake -> spiny frog
 59837 | Pan      | Killed Lom Lobon
 59837 | Pan      | Reached skill level 9 in Necromancy
 59849 | Pan      | Got a magical rune of Zot
 59964 | Pan      | XOM: noise
 59974 | Pan      | XOM: harmless Necr miscast
 60226 | Depths:3 | Escaped Pandemonium
 60228 | Pan      | Entered Pandemonium
 60339 | Pan      | XOM: fog
 60385 | Pan      | Found a transporter.
 60445 | Pan      | Found a transporter.
 60462 | Pan      | XOM: give mutations
 60462 | Pan      | Lost mutation: You can translocate small distances at will. [Xom's mischief]
 60462 | Pan      | Lost mutation: Your spells are harder to cast, but more powerful. [Xom's mischief]
 60480 | Pan      | XOM: swap monsters
 60498 | Pan      | XOM: give mutation
 60498 | Pan      | Lost mutation: You have a somewhat thin skeletal structure. (Dex +2, Stealth) [Xom's mischief]
 60537 | Pan      | Gained mutation: You are frail. (-10% HP) [a cacodemon]
 60553 | Pan      | Reached skill level 9 in Translocations
 60554 | Pan      | XOM: noise
 60585 | Pan      | Identified the ring "Oculagg" {rElec rN+ Int+4 Dex+2 Slay-3} (You found it in Pandemonium)
 60594 | Pan      | Identified the ring "Refein" {Slay+3 Stlth-} (You found it in Pandemonium)
 60618 | Depths:3 | Escaped Pandemonium
 60620 | Pan      | Entered Pandemonium
 60644 | Pan      | XOM: confuse monster(s)
 60645 | Pan      | Noticed Diqiepp the pandemonium lord
 60672 | Pan      | XOM: scenery: create altars
 60673 | Pan      | Killed Diqiepp the pandemonium lord
 60712 | Pan      | XOM: cast spell 'Cause Fear'
 60806 | Pan      | Noticed Iloetur the pandemonium lord
 60810 | Pan      | XOM: divination: detect items
 60820 | Pan      | XOM: potion effect (magic)
 60969 | Pan      | XOM: potion effect (agility)
 60973 | Pan      | XOM: cast spell 'Summon Butterflies'
 61040 | Pan      | XOM: harmless Air miscast
 61045 | Pan      | Entered the realm of Gloorx Vloq.
 61064 | Pan      | XOM: summons friendly shadow imp
 61096 | Pan      | XOM: summons 5 friendly demons
 61140 | Pan      | XOM: smoke on damage
 61142 | Pan      | XOM: divination: magic mapping
 61228 | Pan      | XOM: destruction
 61258 | Pan      | Lost mutation: Your flesh is heat resistant. (rF+) [potion of mutation]
 61258 | Pan      | Lost mutation: You tend to lose your temper in combat. [potion of mutation]
 61258 | Pan      | Lost mutation: Your spells are a little harder to cast, but a little more powerful. [potion of mutation]
 61258 | Pan      | Lost mutation: You are frail. (-10% HP) [potion of mutation]
 61258 | Pan      | Gained mutation: Your spells are a little harder to cast, but a little more powerful. [potion of mutation]
 61319 | Pan      | Noticed Gloorx Vloq
 61342 | Pan      | XOM: fog
 61426 | Pan      | XOM: summons 7 friendly demons
 61479 | Pan      | Killed Gloorx Vloq
 61487 | Pan      | Got a dark rune of Zot
 61585 | Pan      | Entered the realm of Mnoleg.
 61616 | Pan      | XOM: cleaving
 61638 | Pan      | XOM: summons 12 friendly demons
 61666 | Pan      | XOM: give mutations
 61666 | Pan      | Gained mutation: You can translocate small distances at will. [Xom's grace]
 61666 | Pan      | Gained mutation: Your spells are harder to cast, but more powerful. [Xom's grace]
 61712 | Pan      | Identified the +5 chain mail "Wyfraell" {rC+} (You found it in Pandemonium)
 61715 | Pan      | XOM: give mutations
 61715 | Pan      | Gained mutation: Your spells are much harder to cast, but much more powerful. [Xom's grace]
 61715 | Pan      | Gained mutation: You have a pair of small antennae on your head. [Xom's grace]
 61715 | Pan      | Gained mutation: Your system is resistant to poisons. (rPois) [Xom's grace]
 61745 | Pan      | Noticed Mnoleg
 61747 | Pan      | XOM: cleaving
 61756 | Pan      | Reached skill level 12 in Translocations
 61762 | Pan      | XOM: summons 3 friendly demons
 61764 | Pan      | XOM: cast spell 'Summon Mana Viper'
 61770 | Pan      | XOM: divine lightning
 61771 | Pan      | XOM: destruction
 61774 | Pan      | XOM: enchant monster (good)
 61781 | Pan      | XOM: polymorph shining eye -> snapping turtle
 61782 | Pan      | XOM: polymorph snapping turtle -> cyclops
 61784 | Pan      | XOM: potion effect (might)
 61796 | Pan      | Killed Mnoleg
 61796 | Pan      | Reached skill level 18 in Evocations
 61803 | Pan      | XOM: confuse monster(s)
 61807 | Pan      | XOM: potion effect (berserk rage)
 61825 | Pan      | Got a glowing rune of Zot
 61862 | Pan      | Paralysed by a floating eye for 4 turns
 61865 | Pan      | XOM: destruction
 62013 | Pan      | XOM: polymorph monstrous blood saint -> death yak
 62023 | Pan      | XOM: summons friendly white imp
 62056 | Pan      | Found an exit through the horrors of the Abyss.
 62058 | Pan      | XOM: summons 15 friendly demons
 62060 | Pan      | XOM: confuse monster(s)
 62065 | Pan      | XOM: destruction
 62068 | Pan      | Took an exit into the Abyss.
 62068 | Abyss:1  | Escaped into the Abyss
 62085 | Abyss:2  | Found a corrupted altar of Lugonu.
 62086 | Abyss:2  | Found a stormy altar of Qazlal.
 62210 | Abyss:3  | XOM: confuse monster(s)
 62230 | Abyss:3  | XOM: noise
 62296 | Abyss:4  | XOM: mild Pois miscast
 62310 | Abyss:4  | XOM: potion effect (might)
 62311 | Abyss:4  | Got an abyssal rune of Zot
 62327 | Abyss:5  | Entered Level 5 of the Abyss
 62364 | Depths:3 | Escaped the Abyss
 62471 | Dis:1    | Entered Level 1 of the Iron City of Dis
 62555 | Dis:4    | XOM: silly message
 62603 | Dis:5    | XOM: potion effect (haste)
 62661 | Dis:5    | You fall through a shaft!
 62738 | Dis:6    | XOM: mild Tloc miscast
 62836 | Dis:7    | Entered Level 7 of the Iron City of Dis
 62922 | Dis:7    | XOM: scenery: 1 doors close
 62940 | Dis:7    | Noticed the Serpent of Hell
 62959 | Dis:7    | Killed the Serpent of Hell
 62961 | Dis:7    | XOM: 1-stop teleportation journey
 63019 | Dis:7    | XOM: polymorph rust devil -> ice devil
 63031 | Dis:7    | XOM: confuse monster(s)
 63044 | Dis:7    | XOM: potion effect (heal wounds)
 63101 | Dis:7    | XOM: summons friendly crimson imp
 63136 | Dis:7    | XOM: enchant monster (good)
 63159 | Dis:7    | XOM: cast spell 'Summon Ice Beast'
 63162 | Dis:7    | XOM: summons 3 friendly demons
 63176 | Dis:7    | XOM: divination: detect items
 63346 | Dis:7    | XOM: confuse monster(s)
 63373 | Dis:7    | XOM: cleaving
 63378 | Dis:7    | XOM: cast spell 'Shadow Creatures'
 63534 | Dis:7    | XOM: summons 2 friendly demons
 63538 | Dis:7    | XOM: enchant monster (good)
 63545 | Dis:7    | XOM: enchant monster (good)
 63659 | Dis:7    | Noticed Dispater
 63665 | Dis:7    | XOM: confuse monster(s)
 63688 | Dis:7    | Killed Dispater
 63701 | Dis:7    | Got an iron rune of Zot
 63811 | Dis:7    | XOM: summons 2 friendly demons
 63884 | Dis:7    | XOM: mild Hex miscast
 63886 | Dis:7    | XOM: summons 4 hostile shadow creatures
 63897 | Dis:7    | XOM: blink monster(s)
 63903 | Dis:7    | XOM: enchant monster (good)
 63914 | Dis:7    | XOM: cast spell 'Summon Ice Beast'
 63921 | Dis:7    | XOM: enchant monster (good)
 63922 | Dis:7    | XOM: divination: detect creatures
 63948 | Dis:7    | XOM: noise
 64026 | Coc:1    | Entered Level 1 of Cocytus
 64089 | Coc:2    | XOM: medium Tloc miscast
 64096 | Coc:3    | You fall through a shaft for 2 floors!
 64119 | Coc:6    | XOM: harmless Summ miscast
 64124 | Coc:6    | XOM: enchant monster (bad)
 64125 | Coc:6    | XOM: harmless Necr miscast
 64135 | Coc:6    | XOM: chaos upgrade
 64144 | Coc:6    | XOM: scenery: create altars
 64215 | Coc:6    | XOM: summons friendly quasit
 64240 | Coc:7    | Entered Level 7 of Cocytus
 64346 | Coc:7    | Noticed a shard shrike
 64348 | Coc:7    | Noticed a shard shrike
 64348 | Coc:7    | XOM: confuse monster(s)
 64350 | Coc:7    | Noticed a shard shrike
 64351 | Coc:7    | Noticed a shard shrike
 64351 | Coc:7    | Killed a shard shrike
 64354 | Coc:7    | Killed a shard shrike
 64356 | Coc:7    | Killed a shard shrike
 64357 | Coc:7    | Killed a shard shrike
 64357 | Coc:7    | Reached skill level 24 in Shields
 64467 | Coc:7    | XOM: divination: detect creatures
 64472 | Coc:7    | Identified Mipaown's Collected Works on Ignition and Evil Magic
 64474 | Coc:7    | Identified the +4 plate armour of the Tormentor {+Blink SInv} (You found it on level 7 of Cocytus)
 64533 | Coc:7    | XOM: 5-stop teleportation journey
 64534 | Coc:7    | XOM: scenery: 1 doors close
 64571 | Coc:7    | XOM: summons friendly white imp
 64703 | Coc:7    | XOM: fog
 64704 | Coc:7    | XOM: 2-stop teleportation journey
 64749 | Coc:7    | XOM: god gift: 30 gold pieces {god gift}
 64822 | Coc:7    | XOM: fake destruction
 64836 | Coc:7    | XOM: summons friendly iron imp
 64868 | Coc:7    | Noticed a shard shrike
 64868 | Coc:7    | Noticed a shard shrike
 64870 | Coc:7    | XOM: potion effect (brilliance)
 64871 | Coc:7    | Noticed a shard shrike
 64872 | Coc:7    | XOM: divination: magic mapping
 64877 | Coc:7    | Killed a shard shrike
 64888 | Coc:7    | Killed a shard shrike
 64888 | Coc:7    | XOM: potion effect (curing)
 64892 | Coc:7    | XOM: smoke on damage
 64896 | Coc:7    | Killed a shard shrike
 64923 | Coc:7    | Noticed Antaeus
 65145 | Coc:7    | Noticed a shard shrike
 65160 | Coc:7    | Got an icy rune of Zot
 65179 | Coc:7    | XOM: god gift: bread ration {god gift}
 65252 | Tar:1    | Entered Level 1 of Tartarus
 65258 | Tar:1    | XOM: potion effect (agility)
 65260 | Tar:1    | XOM: divine lightning
 65379 | Tar:3    | XOM: summons friendly white imp
 65433 | Tar:3    | XOM: divination: detect creatures
 65444 | Tar:3    | XOM: smoke on damage
 65447 | Tar:3    | XOM: god gift: 27 gold pieces {god gift}
 65452 | Tar:3    | XOM: divination: detect creatures
 65462 | Tar:3    | XOM: summons 16 friendly demons
 65505 | Tar:3    | XOM: scenery: create altars
 65603 | Tar:3    | XOM: 1-stop teleportation journey
 65629 | Tar:3    | XOM: cleaving
 65681 | Tar:3    | XOM: summons 5 friendly demons
 65685 | Tar:3    | XOM: scenery: 2 doors open, 1 doors close
 65693 | Tar:3    | XOM: confuse monster(s)
 65713 | Tar:3    | XOM: potion effect (might)
 65866 | Tar:3    | XOM: summons 4 hostile shadow creatures
 65976 | Tar:3    | XOM: fog
 66028 | Tar:3    | XOM: divination: magic mapping
 66184 | Tar:4    | Reached skill level 23 in Stealth
 66220 | Tar:4    | XOM: scenery: 1 doors close
 66224 | Tar:4    | XOM: destruction
 66305 | Tar:4    | Reached skill level 3 in Transmutations
 66332 | Tar:4    | XOM: confuse monster(s)
 66367 | Tar:5    | XOM: summons friendly shadow imp
 66382 | Tar:6    | XOM: summons friendly shadow imp
 66456 | Tar:6    | XOM: harmless Conj miscast
 66485 | Tar:6    | XOM: cleaving
 66518 | Tar:6    | XOM: swap monsters
 66532 | Tar:6    | XOM: noise
 66736 | Tar:6    | XOM: give mutation
 66736 | Tar:6    | Gained mutation: Your mind is acute. (Int +2) [Xom's mischief]
 66819 | Tar:6    | XOM: enchant monster (bad)
 66826 | Tar:6    | XOM: swap monsters
 66914 | Tar:7    | Entered Level 7 of Tartarus
 66997 | Tar:7    | XOM: blink monster(s)
 67041 | Tar:7    | XOM: god gift: runed shield {god gift}
 67088 | Tar:7    | Noticed Ereshkigal
 67097 | Tar:7    | Killed Ereshkigal
 67115 | Tar:7    | Got a bone rune of Zot
 67127 | Tar:7    | XOM: 1-stop teleportation journey
 67130 | Tar:7    | XOM: enchant monster (bad)
 67140 | Tar:7    | XOM: swap monsters
 67163 | Tar:7    | XOM: draining
 67176 | Tar:7    | XOM: scenery: 2 doors open
 67178 | Tar:7    | XOM: potion effect (haste)
 67206 | Tar:7    | XOM: divination: detect items
 67244 | Tar:7    | Identified the +2 ring mail of the Jackalope {rElec rN++ Slay+3} (You found it on level 7 of Tartarus)
 67246 | Tar:7    | Identified a ring of the Octopus King {AC+1 EV+1 Str+1 Int+1 Dex+1 Stlth+} (You found it on level 7 of Tartarus)
 67265 | Tar:7    | XOM: chaos cloud
 67328 | Hell     | Found a gateway to the ashen valley of Gehenna.
 67346 | Geh:1    | Entered Level 1 of Gehenna
 67483 | Geh:2    | XOM: mild Ice miscast
 67484 | Geh:2    | XOM: mild Tmut miscast
 67514 | Hell     | XOM: repel stairs
 67631 | Geh:1    | XOM: torment (128/211 hp)
 67711 | Geh:3    | XOM: enchant monster (bad)
 67731 | Geh:3    | XOM: cleaving
 67739 | Geh:3    | XOM: swap monsters
 67743 | Geh:3    | XOM: divine lightning
 67802 | Geh:3    | XOM: mild Summ miscast
 67917 | Geh:7    | Entered Level 7 of Gehenna
 67923 | Geh:7    | Reached skill level 21 in Armour
 68114 | Geh:7    | XOM: confusion
 68122 | Geh:7    | XOM: swap monsters
 68136 | Geh:7    | XOM: polymorph Brimstone Fiend -> Hell Sentinel
 68251 | Geh:7    | XOM: noise
 68270 | Geh:7    | Reached skill level 24 in Stealth
 68270 | Geh:7    | Reached skill level 6 in Transmutations
 68272 | Geh:7    | XOM: harmless Summ miscast
 68302 | Geh:7    | XOM: smoke on damage
 68346 | Geh:7    | XOM: smoke on damage
 68351 | Geh:7    | XOM: harmless Erth miscast
 68361 | Geh:7    | Identified the ring of Hedonism {rPois rF- rN+ Dex+2 Slay+3} (You found it on level 7 of Gehenna)
 68405 | Geh:7    | XOM: confuse monster(s)
 68434 | Geh:7    | Noticed Asmodeus
 68440 | Geh:7    | Got an obsidian rune of Zot
 68471 | Geh:7    | XOM: cast spell 'Summon Butterflies'
 68479 | Geh:7    | XOM: divination: detect creatures
 68504 | Hell     | XOM: confuse monster(s)
 68505 | Hell     | XOM: fake destruction
 68801 | Tomb:1   | Entered Level 1 of the Tomb of the Ancients
 68923 | Tomb:1   | XOM: harmless Fire miscast
 68929 | Tomb:1   | Reached skill level 21 in Evocations
 68938 | Tomb:1   | Noticed a greater mummy
 68983 | Tomb:1   | Reached skill level 21 in Dodging
 69008 | Tomb:1   | Killed a greater mummy
 69086 | Tomb:1   | Noticed an ancient lich
 69094 | Tomb:1   | Killed an ancient lich
 69117 | Tomb:1   | Noticed a greater mummy
 69124 | Tomb:1   | Killed a greater mummy
 69205 | Tomb:2   | Noticed a greater mummy
 69215 | Tomb:2   | Killed a greater mummy
 69246 | Tomb:2   | Noticed a greater mummy
 69253 | Tomb:2   | Killed a greater mummy
 69261 | Tomb:2   | XOM: harmless Ice miscast
 69264 | Tomb:2   | Noticed a greater mummy
 69283 | Tomb:2   | Killed a greater mummy
 69284 | Tomb:2   | XOM: mild Chrm miscast
 69291 | Tomb:2   | Noticed a greater mummy
 69294 | Tomb:2   | XOM: confuse monster(s)
 69308 | Tomb:2   | Killed a greater mummy
 69428 | Tomb:1   | Noticed a greater mummy
 69430 | Tomb:1   | XOM: enchant monster (good)
 69446 | Tomb:1   | XOM: potion effect (heal wounds)
 69460 | Tomb:1   | Killed a greater mummy
 69472 | Tomb:1   | Noticed a greater mummy
 69495 | Tomb:1   | Killed a greater mummy
 69507 | Tomb:1   | Noticed a greater mummy
 69515 | Tomb:1   | Killed a greater mummy
 69526 | Tomb:1   | Identified the +0 pair of gloves of Muttered Phrases {MP+9 Str+3 Int+2} (You acquired it on level 1 of the Tomb of the Ancients)
 69532 | Tomb:1   | Noticed a greater mummy
 69533 | Tomb:1   | XOM: silly message
 69549 | Tomb:1   | XOM: summons 3 hostile shadow creatures
 69550 | Tomb:1   | Killed a greater mummy
 69569 | Tomb:1   | Noticed a greater mummy
 69575 | Tomb:1   | XOM: confusion (+ monsters)
 69588 | Tomb:1   | Killed a greater mummy
 69663 | Tomb:1   | Noticed a greater mummy
 69673 | Tomb:1   | Killed a greater mummy
 69680 | Tomb:1   | Noticed a greater mummy
 69695 | Tomb:1   | Killed a greater mummy
 69697 | Tomb:1   | Noticed a greater mummy
 69711 | Tomb:1   | XOM: chaos cloud
 69713 | Tomb:1   | XOM: 8-stop teleportation journey
 69780 | Tomb:1   | XOM: cast spell 'Death Channel'
 69781 | Tomb:1   | XOM: confusion (+ monsters)
 69916 | Tomb:1   | Killed a greater mummy
 69991 | Tomb:1   | Noticed a greater mummy
 69997 | Tomb:1   | Noticed a greater mummy
 70014 | Tomb:1   | Noticed a greater mummy
 70014 | Tomb:1   | Killed a greater mummy
 70022 | Tomb:1   | Killed a greater mummy
 70024 | Tomb:1   | XOM: cast spell 'Chain of Chaos'
 70033 | Tomb:1   | Killed a greater mummy
 70121 | Tomb:1   | Noticed a greater mummy
 70132 | Tomb:1   | Killed a greater mummy
 70160 | Tomb:1   | Noticed a greater mummy
 70160 | Tomb:1   | Noticed a greater mummy
 70164 | Tomb:1   | XOM: cast spell 'Summon Ice Beast'
 70171 | Tomb:1   | Killed a greater mummy
 70173 | Tomb:1   | XOM: confuse monster(s)
 70178 | Tomb:1   | Killed a greater mummy
 70178 | Tomb:1   | Reached skill level 12 in Necromancy
 70222 | Tomb:2   | Reached skill level 25 in Stealth
 70227 | Tomb:2   | XOM: harmless Tmut miscast
 70246 | Tomb:2   | XOM: enchant monster (bad)
 70377 | Tomb:1   | XOM: cloud trail
 70791 | Tomb:3   | Entered Level 3 of the Tomb of the Ancients
 70807 | Tomb:3   | XOM: swap monsters
 70832 | Tomb:3   | Identified the Guide on Lightness and Stones
 70833 | Tomb:3   | Identified Gybru's Grimoire of the Oath
 70852 | Tomb:3   | Noticed a greater mummy
 70853 | Tomb:3   | Identified the +0 pair of gloves of Lilacs {+Inv} (You found it on level 3 of the Tomb of the Ancients)
 70867 | Tomb:3   | XOM: cast spell 'Summon Small Mammal'
 70870 | Tomb:3   | Killed a greater mummy
 70903 | Tomb:3   | Noticed a greater mummy
 70914 | Tomb:3   | XOM: summons friendly ufetubus
 70918 | Tomb:3   | Killed a greater mummy
 70922 | Tomb:3   | XOM: scenery: 1 doors close
 71008 | Tomb:3   | Noticed a greater mummy
 71009 | Tomb:3   | Noticed a greater mummy
 71009 | Tomb:3   | Noticed a greater mummy
 71009 | Tomb:3   | Noticed an ancient lich
 71010 | Tomb:3   | Noticed a greater mummy
 71074 | Tomb:2   | XOM: divination: magic mapping
 71111 | Tomb:3   | Identified the Guide on Mutagenic Damage Dealing (You found it on level 3 of the Tomb of the Ancients)
 71141 | Tomb:3   | Killed a greater mummy
 71156 | Tomb:3   | XOM: give mutations
 71156 | Tomb:3   | Lost mutation: You can translocate small distances at will. [Xom's mischief]
 71156 | Tomb:3   | Lost mutation: Your spells are much harder to cast, but much more powerful. [Xom's mischief]
 71156 | Tomb:3   | Gained mutation: You are clumsy. (Dex -2) [Xom's mischief]
 71159 | Tomb:3   | XOM: mild Fire miscast
 71167 | Tomb:3   | Killed a greater mummy
 71173 | Tomb:3   | XOM: fog
 71182 | Tomb:3   | XOM: summons friendly crimson imp
 71195 | Tomb:3   | Killed a greater mummy
 71197 | Tomb:3   | XOM: cleaving
 71209 | Tomb:3   | XOM: 3-stop teleportation journey
 71210 | Tomb:3   | XOM: cast spell 'Chain of Chaos'
 71255 | Tomb:3   | Killed a greater mummy
 71261 | Tomb:3   | XOM: fake destruction
 71267 | Tomb:3   | Killed an ancient lich
 71295 | Tomb:3   | XOM: divination: detect creatures
 71309 | Tomb:3   | XOM: cast spell 'Summon Hydra'
 71344 | Tomb:3   | XOM: polymorph hellwing -> chaos spawn
 71353 | Tomb:3   | XOM: give mutations
 71353 | Tomb:3   | Gained mutation: Your flesh is heat resistant. (rF+) [Xom's grace]
 71353 | Tomb:3   | Gained mutation: Your muscles are strong. (Str +2) [Xom's grace]
 71353 | Tomb:3   | Gained mutation: You are robust. (+10% HP) [Xom's grace]
 71353 | Tomb:3   | Lost mutation: You are clumsy. (Dex -2) [Xom's grace]
 71361 | Tomb:3   | Noticed a greater mummy
 71362 | Tomb:3   | XOM: divination: detect creatures
 71369 | Tomb:3   | Killed a greater mummy
 71425 | Tomb:3   | Got a golden rune of Zot
 71631 | Tomb:1   | XOM: harmless Chrm miscast
 71830 | D:14     | XOM: give mutations
 71830 | D:14     | Gained mutation: You possess an exceptional clarity of mind. [Xom's grace]
 71830 | D:14     | Gained mutation: You have sharp fingernails. [Xom's grace]
 71830 | D:14     | Gained mutation: You have a somewhat thin skeletal structure. (Dex +2, Stealth) [Xom's grace]
 71867 | Depths:1 | XOM: give mutations
 71867 | Depths:1 | Gained mutation: You are somewhat resistant to both further mutation and mutation removal. [Xom's grace]
 71867 | Depths:1 | Gained mutation: You are partially covered in large bone plates. (SH +4) [Xom's grace]
 71867 | Depths:1 | Gained mutation: You can translocate small distances at will. [Xom's grace]
 71925 | Zot:1    | Entered Level 1 of the Realm of Zot
 71938 | Zot:1    | XOM: 2-stop teleportation journey
 72002 | Zot:2    | XOM: noise
 72060 | Zot:3    | XOM: harmless Erth miscast
 72077 | Zot:3    | XOM: potion effect (heal wounds)
 72084 | Zot:3    | Noticed an orb of fire
 72089 | Zot:3    | XOM: silly message
 72100 | Zot:3    | XOM: divination: detect items
 72107 | Zot:3    | XOM: enchant monster (good)
 72110 | Zot:3    | Killed an orb of fire
 72110 | Zot:3    | XOM: summons 2 friendly demons
 72117 | Zot:3    | XOM: destruction
 72127 | Zot:3    | XOM: summons friendly shadow imp
 72177 | Zot:4    | XOM: potion effect (agility)
 72194 | Zot:5    | Entered Level 5 of the Realm of Zot
 72259 | Zot:5    | XOM: confuse monster(s)
 72261 | Zot:5    | XOM: confuse monster(s)
 72275 | Zot:5    | XOM: 1-stop teleportation journey
 72298 | Zot:5    | XOM: medium Conj miscast
 72303 | Zot:5    | XOM: chaos upgrade
 72309 | Zot:5    | XOM: chaos upgrade
 72310 | Zot:5    | XOM: medium Tmut miscast
 72313 | Zot:5    | XOM: swap monsters
 72320 | Zot:5    | Noticed an ancient lich
 72344 | Zot:5    | XOM: noise
 72353 | Zot:5    | Killed an ancient lich
 72361 | Zot:5    | Noticed an ancient lich
 72368 | Zot:5    | Killed an ancient lich
 72381 | Zot:5    | XOM: stat loss: -1 Int (8/15)
 72385 | Zot:5    | XOM: noise
 72423 | Zot:5    | XOM: harmless Tloc miscast
 72472 | Zot:5    | Noticed an orb of fire
 72486 | Zot:5    | Noticed an ancient lich
 72496 | Zot:5    | XOM: summons 12 hostile demons
 72505 | Zot:5    | Killed an orb of fire
 72513 | Zot:5    | XOM: 3-stop teleportation journey
 72520 | Zot:5    | Killed an ancient lich
 72532 | Zot:5    | Noticed an ancient lich
 72543 | Zot:5    | XOM: give mutations
 72543 | Zot:5    | Lost mutation: Your flesh is heat resistant. (rF+) [Xom's mischief]
 72543 | Zot:5    | Lost mutation: You expend magic power (3 MP) to strengthen your wands. [Xom's mischief]
 72543 | Zot:5    | Lost mutation: You can translocate small distances at will. [Xom's mischief]
 72548 | Zot:5    | Killed an ancient lich
 72549 | Zot:5    | Noticed an ancient lich
 72553 | Zot:5    | Killed an ancient lich
 72555 | Zot:5    | Noticed an ancient lich
 72564 | Zot:5    | Killed an ancient lich
 72576 | Zot:5    | Noticed an ancient lich
 72578 | Zot:5    | XOM: fog
 72582 | Zot:5    | XOM: destruction
 72586 | Zot:5    | Killed an ancient lich
 72586 | Zot:5    | Reached skill level 26 in Stealth
 72615 | Zot:5    | XOM: enchant monster (good)
 72700 | Zot:5    | XOM: enchant monster (good)
 72721 | Zot:5    | Noticed an orb of fire
 72734 | Zot:5    | Noticed an ancient lich
 72739 | Zot:5    | Gained mutation: You occasionally shout uncontrollably at your foes. [an orb of fire]
 72753 | Zot:5    | XOM: divine lightning
 72755 | Zot:5    | Killed an orb of fire
 72757 | Zot:5    | Killed an ancient lich
 72769 | Zot:5    | XOM: cleaving
 72779 | Zot:5    | XOM: summons 8 friendly demons
 72786 | Zot:5    | Noticed an orb of fire
 72798 | Zot:5    | XOM: divination: detect creatures
 72799 | Zot:5    | XOM: divine lightning
 72809 | Zot:5    | Killed an orb of fire
 72859 | Zot:5    | XOM: summons 2 friendly demons
 72865 | Zot:5    | XOM: polymorph shadow imp -> white imp
 72893 | Zot:5    | Got the Orb of Zot
 72945 | Zot:5    | Noticed an ancient lich
 72955 | Zot:5    | Killed an ancient lich
 72966 | Zot:5    | XOM: scenery: 1 doors open
 72968 | Zot:5    | XOM: summons friendly iron imp
 73148 | Depths:1 | Noticed Issoth the pandemonium lord
 73148 | Depths:1 | XOM: potion effect (invisibility)
 73174 | Depths:1 | XOM: mild Necr miscast
 73184 | Depths:1 | XOM: summons 2 friendly demons
 73195 | Depths:1 | Killed Issoth the pandemonium lord
 73226 | Depths:1 | XOM: scenery: 1 doors open, 2 doors close
 73230 | Depths:1 | XOM: confuse monster(s)
 73305 | D:14     | XOM: give mutations
 73305 | D:14     | Gained mutation: You can translocate small distances at will. [Xom's grace]
 73305 | D:14     | Gained mutation: You are covered in fur. (AC +1) [Xom's grace]
 73363 | D:12     | Noticed Imurueng the pandemonium lord
 73398 | D:10     | XOM: god gift: potion of mutation {god gift}
 73405 | D:10     | XOM: cast spell 'Summon Mana Viper'
 73408 | D:10     | XOM: noise
 73522 | D:3      | XOM: god gift: steaming platinum amulet {god gift}
 73523 | D:3      | Got a steaming platinum amulet {god gift}
 73524 | D:3      | Identified the amulet "Zushrulu" {god gift, RegenMP SInv} (Xom gifted it to you on level 3 of the Dungeon)
 73559 | D:1      | XOM: mild Pois miscast
 73572 | D:$      | Escaped with the Orb!

Vault maps used:
D:1:      dpeg_arrival_pits
D:2:      first_bread, hex_tiny, uniq_natasha
D:4:      chequers_temple_overflow_minitemple,
          chequers_temple_overflow_statue_of_worship,
          minmay_temple_entry_enclosed_plants, uniq_ijyb, uniq_eustachio,
          uniq_pikel
D:5:      evilmike_ruin_ashenzari, basic_altar, grunt_gozag_breadcrumbs
D:6:      cheibrodos_sewer_entry_sluice
D:7:      kennysheep_little_box
D:8:      serial_shops, nicolae_shop_statue_plus, grunt_ogre_cave
D:11:     david_lair_shrubbed, hiddenorc1_lemuel, st_stairs_5
D:12:     lemuel_another_geyser
D:13:     basic_altar, jmf_multi_god_temple
D:14:     erik_vaults_1, enter_bailey_2
D:15:     hangedman_depths_entry_civil_slaughter, uniq_urug, uniq_josephine,
          uniq_azrael, uniq_sonja
Lair:1:   nicolae_volcano_entry_hallway, st_stairs_12,
          minmay_lair_oklob_chamber, serial_bayou_shore_b
Lair:2:   beast_lair_carwin_large_1, spider_nest_entry_a, minmay_holes,
          grunt_forest_stairs_clearing
Lair:3:   swamp_mist, bobbens_dragon_lair_wall, infiniplex_staircase_pool
Lair:4:   cheibrodos_lair_overgrown_chateau, pond
Lair:5:   serial_bayou_shore_b, uniq_kirke
Lair:6:   minmay_lair_end_enchanted_forest, minmay_slime_entry_oklob_enclosed,
          portal_ice_cave_entry_pillars_1
Swamp:1:  nicolae_swamp_treefoil
Swamp:2:  nicolae_swamp_round_clearing, swamp_pool3,
          cheibrodos_swamp_pet_leeches
Swamp:3:  evilmike_swamp_ruin_house_5
Swamp:4:  swamp_alternative, swamp_pool4
Spider:1: spider_trap
Spider:2: uniq_arachne
Spider:3: spider_trap, nicolae_looking_at_the_future
Spider:4: guppyfry_spider_rune, uniq_mara
Orc:1:    nicolae_orc_accident_1, serial_shops, nicolae_shop_waterfront
Orc:2:    st_orc_town, elf_legates
Elf:1:    eino_elf_arrival_sip, hangedman_elf_disciples
Elf:2:    serial_shops, nicolae_shop_trees, basic_stair_grate_trap
Elf:3:    minmay_elf_hall_x, serial_sigils, serial_sigils_hangedman_snap,
          serial_sigils_hangedman_shear, serial_sigils_hangedman_etch,
          serial_sigils_hangedman_shear, serial_sigils_hangedman_gnaw
Vaults:1: vaults_mumra_minichess, ontoclasm_vaults_idyll,
          nicolae_vaults_yaktaur_gun_rack, v_alt_pattern_6, vaults_room_corners,
          vaults_dpeg_doors, hangedman_vaults_variations,
          vaults_room_grunt_arrival_ludios, v_misc_13, uniq_nikola
Vaults:2: nicolae_vaults_network_periphery,
          vaults_standard_mumra_enter_the_diamond,
          nicolae_vaults_border_crossing, minmay_crypt_entry_simple_round,
          nicolae_vaults_angled_halls, ontoclasm_vaults_twist,
          hangedman_vaults_locks, v_misc_2
Vaults:3: nicolae_vaults_big_ls, v_misc_8, nicolae_vaults_little_squares_3,
          nicolae_vaults_little_squares_2, v_misc_22, vaults_mumra_lcd,
          ontoclasm_vaults_hangar, vaults_dpeg_encased_lava,
          ontoclasm_vaults_chip, nicolae_vaults_puzzle_piece,
          vaults_standard_mumra_enter_the_diamond, ontoclasm_vaults_ligature,
          ontoclasm_vaults_spin, vaults_room_ringed_pool,
          vaults_standard_mumra_enter_the_diamond, serial_shops, shop
Vaults:4: vaults_room_mumra_shop_pool, grunt_vaults_trifunnel, v_misc_4,
          v_rooms_6, ontoclasm_vaults_fault, st_cells, vaults_room_door_hall,
          vaults_room_fancy_cross, nicolae_vaults_theta, vaults_mumra_hex,
          ontoclasm_vaults_gateway, ontoclasm_vaults_loading_screen
Vaults:5: serial_shops
Crypt:1:  roderic_lattice_octagonal_star
Crypt:2:  nicolae_crypt_fedhas_prevails, nicolae_crypt_statuary_hall,
          grunt_megastairs_1
Crypt:3:  evilmike_haunted_forest, uniq_frederick, uniq_saint_roka
Depths:1: enter_ziggurat_a, hell_entry, serial_bayou_crossing, minmay_shoptagon
Depths:2: hangedman_pleasuredromes, abyss_entry, hell_entry
Depths:3: lemuel_flame_loot_2, hell_entry, grunt_pan_entry_in_and_out,
          infiniplex_staircase_diamond, uniq_sojobo
Depths:4: cheibrodos_salmonella, hell_entry, abyss_entry_flame_altar,
          serial_co_window_serial, co_window_of_opportunity_a,
          co_window_corner_a, co_window_paths_a, co_window_paths_b,
          co_window_corner_a, co_window_corner_a, co_window_broadway_a,
          co_window_unsneaky_path_e, co_window_paths_c, co_window_corner_cb,
          co_window_broadway_a, minmay_misc_feat_plants, pan_entry,
          serial_bayou_pond_e
Depths:5: grunt_zot_entry_bicorn, serial_bayou_pond_a, abyss_entry, hell_entry,
          st_stairs_3
Dis:3:    evilmike_ambush, grunt_megastairs_2
Dis:5:    hangedman_dis_decor_blocks_talon
Dis:7:    dis_hangedman
Geh:4:    door_vault
Geh:5:    nicolae_geh_fiery_graves, gehenna_fire_generator
Geh:6:    door_vault
Geh:7:    geh_old
Coc:7:    coc_dpeg
Tar:1:    lemuel_nasty_fountain
Tar:4:    nicolae_tar_cuneiform_two
Tar:5:    nicolae_tar_cuneiform_not
Tar:7:    tar_grunt_cathedral
Zot:2:    st_stairs_4
Zot:4:    grunt_ministairs_6
Abyss:3:  hangedman_stitches_earthworm, gammafunk_abyss_rune_reverse_zot
Abyss:4:  evilmike_abyss_exit_4, nicolae_abyss_rune_star_stuff
Pan:      grunt_pan_sceptre, pan_blood_fountain, rand_demon_9,
          evilmike_mini_pan_doors, grunt_pan_frozen_over,
          pan_blood_fountain_small, uniq_mennas_pan,
          regret_index_pan_draining_boxed, nicolae_pan_gloorx_vloqian_3,
          nicolae_pan_giant_door, pan_blood_fountain, nicolae_pan_door_chamber,
          grunt_pan_spiral, pan_blood_fountain_small, rand_demon_3,
          grunt_pan_pentagram, pan_blood_fountain_small,
          nicolae_pan_cerebovesque_1, cerebov_grunt, nicolae_pan_sick_transit,
          rand_demon_4, grunt_pan_sceptre, evilmike_mini_pan_pillars_b,
          pan_blood_fountain_2, grunt_pan_spiral, uniq_cerebov,
          evilmike_holy_pan, evilmike_mini_pan_V, pan_blood_fountain_small,
          rand_demon_2, pan_blood_fountain_2, nicolae_pan_door_chamber,
          uniq_cerebov, pan_blood_fountain_small, grunt_pan_in_and_out,
          pan_blood_fountain_small, evilmike_mini_pan_corridor,
          pan_blood_fountain, rand_demon_9, pan_blood_fountain_2,
          nicolae_pan_sigil_itan, lemuel_hall_of_pain, nicolae_pan_sigil_obb,
          grunt_pan_pentagram, uniq_cerebov, reaverb_pan_chaos_star,
          grunt_pan_in_and_out, evilmike_mini_pan_3x3, pan_blood_fountain,
          nicolae_pan_cerebovesque_2, grunt_pan_zigzag, pan_blood_fountain,
          lom_lobon_grunt_wind_tunnels, special_room, evilmike_mini_pan_V,
          evilmike_mini_pan_doors, pan_blood_fountain, nicolae_pan_sigil_obb,
          evilmike_mini_pan_doors, nicolae_pan_hourglass,
          gammafunk_dig_for_victory, pan_blood_fountain_2,
          evilmike_mini_pan_diamond, uniq_ignacio, pan_blood_fountain_small,
          nicolae_pan_diamonds, pan_blood_fountain_small,
          evilmike_gloorx_vloq_box, uniq_ignacio, evilmike_mnoleg_eyes,
          rand_demon_8, uniq_ignacio, rand_demon_5, nicolae_pan_sigil_nadil,
          pan_surprise, evilmike_mini_pan_possible_glass,
          evilmike_mini_pan_thingy
Zig:3:    ziggurat_pillar_centre_c
Zig:5:    ziggurat_pillar_centre_smoke
Zig:11:   ziggurat_pillar_centre_dead_trees
Sewer:    kennysheep_door_sewer
Bailey:   bailey_axe_3, bailey
IceCv:    ice_cave_small_necro
Volcano:  volcano_grotto

Skill      XL: |  1  2  3  4  5  6  7  8  9 10 11 12 13 14 15 16 17 18 19 20 21 22 23 24 25 26 27 |
---------------+----------------------------------------------------------------------------------+-----
Fighting       | 3 4 5 6 7 8 10 11 12 13 14 15 16 17 20 23 | 23.2
Long Blades    | 4 5 6 7 9 11 12 13 14 15 16 | 16.0
Shields        | 3 6 7 8 10 12 13 14 15 17 18 19 20 21 24 | 24.3
Evocations     | 5 7 8 12 13 23 | 23.1
Armour         | 4 7 9 10 12 14 15 16 17 18 19 23 | 23.8
Dodging        | 3 4 7 11 13 14 15 16 17 23 | 23.5
Stealth        | 5 26 | 26.8
Spellcasting   | 2 4 10 | 10.5
Earth Magic    | 12 | 12.6
Charms         | 5 16 | 16.4
Necromancy     | 3 13 | 13.2
Translocations | 14 | 14.5
Air Magic      | 14 | 14.0
Transmutations | 6 |  6.0
Summonings     | 8 |  8.7

Action                   |  1- 3 |  4- 6 |  7- 9 | 10-12 | 13-15 | 16-18 | 19-21 | 22-24 | 25-27 || total
-------------------------+-------+-------+-------+-------+-------+-------+-------+-------+-------++-------
Melee: Falchion          |    68 |   143 |   198 |   606 |  1411 |       |       |       |       ||  2426
       Headbutt          |       |       |    35 |   169 |   158 |   305 |   395 |   599 |  1378 ||  3039
       Demon blade       |       |       |       |       |   267 |  1596 |  1569 |  1764 |  6027 || 11223
       Scimitar          |       |       |       |       |       |    75 |       |       |       ||    75
       Dagger            |       |       |       |       |       |    19 |       |       |   119 ||   138
       Quick blade       |       |       |       |       |       |       |       |       |    14 ||    14
       Eudemon blade     |       |       |       |       |       |       |       |       |  4919 ||  4919
       Long sword        |       |       |       |       |       |       |       |       |   145 ||   145
 Fire: Hand crossbow     |       |    16 |     5 |    16 |   141 |       |       |       |       ||   178
       Blowgun           |       |       |       |       |       |    17 |     9 |     3 |       ||    29
Throw: Stone             |       |     4 |     1 |       |     2 |       |       |       |       ||     7
       Throwing net      |       |       |       |       |       |     1 |       |       |     2 ||     3
 Cast: Passwall          |       |       |       |       |       |       |       |       |    48 ||    48
       Regeneration      |       |       |       |       |       |       |       |       |   499 ||   499
       Apportation       |       |       |       |       |       |       |       |       |   176 ||   176
       Lesser Beckoning  |       |       |       |       |       |       |       |       |    89 ||    89
       Control Undead    |       |       |       |       |       |       |       |       |    66 ||    66
       Blink             |       |       |       |       |       |       |       |       |    65 ||    65
       Passage of Golubr |       |       |       |       |       |       |       |       |    51 ||    51
       Animate Dead      |       |       |       |       |       |       |       |       |    49 ||    49
       Summon Lightning  |       |       |       |       |       |       |       |       |    30 ||    30
       Deflect Missiles  |       |       |       |       |       |       |       |       |    19 ||    19
       Sublimation of Bl |       |       |       |       |       |       |       |       |     5 ||     5
       Song of Slaying   |       |       |       |       |       |       |       |       |     4 ||     4
 Abil: Blink             |       |       |       |       |       |       |       |     6 |     3 ||     9
       Evoke Blink       |       |       |       |       |       |       |       |       |     3 ||     3
       Evoke Invisibilit |       |       |       |       |       |       |       |       |     7 ||     7
Evoke: Wand              |       |       |     1 |    31 |    98 |    22 |    33 |     8 |    96 ||   289
       Phial of floods   |       |       |       |       |       |     1 |     2 |     2 |     7 ||    12
       Phantom mirror    |       |       |       |       |       |       |       |     1 |     5 ||     6
       Sack of spiders   |       |       |       |       |       |       |       |     2 |     7 ||     9
       Lightning rod     |       |       |       |       |       |       |       |     1 |    15 ||    16
       Horn of Geryon    |       |       |       |       |       |       |       |       |    13 ||    13
       Box of beasts     |       |       |       |       |       |       |       |       |     7 ||     7
       Lamp of fire      |       |       |       |       |       |       |       |       |     4 ||     4
  Use: Scroll            |       |       |    13 |    10 |    25 |    11 |    10 |    15 |   113 ||   197
       Potion            |       |       |       |     7 |     7 |     1 |     2 |     7 |    55 ||    79
 Stab: Paralysed         |     1 |       |       |       |     6 |     5 |     9 |     1 |    14 ||    36
       Confused          |       |       |     1 |    20 |    11 |    14 |     7 |     4 |    76 ||   133
       Petrified         |       |       |       |    10 |       |       |     2 |       |     8 ||    20
       Distracted        |       |       |       |       |     5 |     6 |     1 |     6 |    88 ||   106
       Sleeping          |       |       |       |       |     2 |     1 |     2 |       |    44 ||    49
       Petrifying        |       |       |       |       |     1 |       |       |       |     4 ||     5
       Held in net/web   |       |       |       |       |       |     1 |       |       |     5 ||     6
       Invisible         |       |       |       |       |       |       |       |     3 |    65 ||    68
       Fleeing           |       |       |       |       |       |       |       |     1 |       ||     1
       Betrayed ally     |       |       |       |       |       |       |       |       |     3 ||     3
  Eat: Chunk             |       |     3 |     7 |    11 |    14 |    11 |     2 |     3 |     5 ||    56
       Royal jelly       |       |       |     1 |       |     5 |    10 |    10 |     1 |     8 ||    35
       Fruit             |       |       |       |     6 |     5 |     1 |     7 |     4 |       ||    23
       Meat ration       |       |       |       |       |       |       |       |     6 |    21 ||    27
       Bread ration      |       |       |       |       |       |       |       |       |    28 ||    28
Armor: Leather armour    |    15 |     1 |       |       |       |       |       |       |       ||    16
       Chain mail        |       |    67 |    76 |   120 |    96 |       |       |       |       ||   359
       Troll leather arm |       |       |       |       |     8 |    19 |     4 |     2 |       ||    33
       Plate armour      |       |       |       |       |   470 |   660 |   457 |   366 |   558 ||  2511
       Ring mail         |       |       |       |       |    11 |       |       |       |       ||    11
       Pearl dragon scal |       |       |       |       |       |       |       |       |  1573 ||  1573
Dodge: Dodged            |    55 |    68 |    46 |   194 |   760 |   838 |   803 |   801 |  6382 ||  9947
       Deflected         |       |       |       |       |       |       |       |       |   164 ||   164
Block: Shield            |       |       |    57 |   279 |   942 |  1131 |   992 |   964 |  9000 || 13365
       Rpst.: Falchion   |    15 |    27 |    11 |    54 |   136 |       |       |       |       ||   243
       Demon blade       |       |       |       |       |    22 |   157 |   138 |   167 |   604 ||  1088
       Scimitar          |       |       |       |       |       |     6 |       |       |       ||     6
       Eudemon blade     |       |       |       |       |       |       |       |       |   495 ||   495
       Long sword        |       |       |       |       |       |       |       |       |    21 ||    21
